Cogmind - Beta 17 @@@ ROGUE MODE // 2026.07.24 @ 22:04:09 Player: Petvaria Result: Establishing Free Derelict Territories! Performance ------------- Evolutions (9) 4500 Regions Visited (29) 5800 Robots Destroyed (548) 2740 Value Destroyed (30335) 30335 Prototype IDs (53) 1060 Alien Tech Used (1) 200 Bonus (65367) 65367 TOTAL SCORE: 110002 Bonus ------- Triggered High Security 1000 High Alert Combat Kills 8447 Follower Combat Kills 2944 Prayed to X0-1V1 5000 Major X0-1V1 Interference 14900 Entered Garrisons 600 Met Imprinter 300 Acquired ECA 300 Met Warlord at Base 500 MAIN.C Attacked Warlord 500 Warlord Defense Kills 2416 Built Enhanced Grunts 300 A7 Reached Mainframe 300 Met R17 at Cetus 500 Met R17 at Research 2000 Scanned by Researcher 500 Destroyed MAIN.C Guards 500 Met MAIN.C 5000 Hacked MAIN.C 300 Destroyed MAIN.C Shell 5000 Destroyed MAIN.C 10000 Met Warlord at Command 2000 Win 3000 Friendly Fire -940 Cogmind --------- Core Integrity 1196/1390 Matter 245/300 Energy 440/440 System Corruption 30% Temperature Cool (-191) Movement Walking (185) Ox1 Location Free Derelict Territories Parts ------- > --- POWER (4) -------- Micro Antimatter Reactor Light Quantum Reactor > --- PROPULSION (6) --- Biometal Leg Biometal Leg Biometal Leg Centrium Leg Centrium Leg Centrium Leg > --- UTILITY (10) ----- Advanced Cryofiber Web Advanced Cooling System Huge Storage Unit Experimental Core Analyzer SHELL Armor Graphene Brace Long-range Tractor Beam > --- WEAPON (6) ------- Vortex Driver Railgun Railgun Railgun Helical Railgun Helical Railgun > --- INVENTORY (25) --- Quantum Reactor Light Quantum Reactor Power Amplifier Matter Compressor (71) Advanced Terrain Scanner Experimental Armor Integrity Analyzer Precision Energy Filter Transmission Jammer Advanced Thermal Shield Enhanced Quantum Rifle Compact HERF Cannon Enhanced Nova Cannon Enhanced Nova Cannon KE Penetrator Helical Railgun Fusion Bomb Launcher Advanced Remote Datajack Peak State ------------ > --- POWER ------------ Particle Reactor Quantum Reactor Light Quantum Reactor Improved Quantum Reactor > --- PROPULSION ------- Thunder Leg Myomer Leg Experimental Flexi-carbon Leg Centrium Leg Centrium Leg Centrium Leg > --- UTILITY ---------- Advanced Cryofiber Web Advanced Cooling System Huge Storage Unit Experimental Core Analyzer Improved Weapon Cycler SHELL Armor Advanced Force Field Experimental Hacking Suite > --- WEAPON ----------- Enhanced Quantum Rifle Enhanced Nova Cannon Helical Railgun Sigix Broadsword > --- INVENTORY -------- Light Quantum Reactor Armored Heavy Treads Advanced Cooling System Matter Compressor Advanced Terrain Scanner Experimental Armor Integrity Analyzer Precision Energy Filter Transmission Jammer Advanced Phase Shifter Graphene Brace Advanced Thermal Shield Advanced Point Defense System Long-range Tractor Beam Compact HERF Cannon Vortex Driver Vortex Driver Enhanced Nova Cannon Railgun Railgun Helical Railgun Helical Railgun Helical Railgun Fusion Bomb Launcher Advanced Remote Datajack [Rating: 234] Favorites ----------- Power Vortex Chain Reactor Engine Improved Deuterium Engine Power Core Reinforced Fission Core Reactor Vortex Chain Reactor Propulsion Light Treads Treads Light Treads Leg Myomer Leg Wheel Wheel Utility Huge Storage Unit Device Improved Cooling System Storage Huge Storage Unit Processor Experimental Core Analyzer Hackware Improved Hacking Suite Protection Makeshift Heavy Armor Plating Weapon Coil Gun Energy Gun Enhanced Quantum Rifle Energy Cannon Matter Neutralizer Ballistic Gun Coil Gun Ballistic Cannon Heavy Gauss Cannon Launcher Fusion Bomb Launcher Special Weapon Advanced Remote Datajack Impact Weapon Power Maul Slashing Weapon Sigix Broadsword Build | -11 -10 -10 -8 -8 -8 -8 -7 -7 -7 -7 -6 -6 -6 -6 -6 -6 -6 -5 -5 -5 -5 -4 -4 -3 -3 -2 -2 -1 -1 ------- Run | Yrd Mat Sub Mat Gar Mat Gar Fac Low Low Zio Pro Fac Ext Cet Arc Hub Gar Fac Upp Upp War Pro Fac Res Qua Res Tes Acc Com Slots Evolved 18 | . . . 4 . . . 2 . . . . 2 . . . . . 2 . . . . 2 2 . 2 . 2 . Power 2 | . . . . . . . . . . . . . . . . . . . . . . . . 1 . . . 1 . Propulsion 4 | . . . 3 . . . . . . . . . . . . . . . . . . . 1 . . . . . . Utility 9 | . . . 1 . . . 1 . . . . 2 . . . . . 1 . . . . 1 1 . 1 . 1 . Weapon 3 | . . . . . . . 1 . . . . . . . . . . 1 . . . . . . . 1 . . . Parts Attached 322 | 7 6 14 23 13 14 12 20 4 1 2 2 9 15 6 1 3 19 6 2 . 9 4 19 20 11 21 19 22 18 Power 41 | 1 1 2 2 2 1 1 2 . . . . 1 . 1 . 1 3 . . . 1 . . 3 . 3 5 4 7 Engine 10 | 1 1 2 1 1 . . 1 . . . . . . . . . 1 . . . . . . . . . . . 2 Core 7 | . . . 1 1 1 1 . . . . . 1 . . . 1 1 . . . . . . . . . . . . Reactor 24 | . . . . . . . 1 . . . . . . 1 . . 1 . . . 1 . . 3 . 3 5 4 5 Propulsion 90 | 2 . 3 12 4 6 1 4 2 . . . 1 10 2 . . 3 . 1 . . . 9 7 2 5 2 11 3 Treads 61 | 2 . 1 5 4 6 1 4 2 . . . 1 10 2 . . 3 . 1 . . . 3 7 2 5 2 . . Leg 27 | . . . 7 . . . . . . . . . . . . . . . . . . . 6 . . . . 11 3 Wheel 2 | . . 2 . . . . . . . . . . . . . . . . . . . . . . . . . . . Hover . | . . . . . . . . . . . . . . . . . . . . . . . . . . . . . . Flight . | . . . . . . . . . . . . . . . . . . . . . . . . . . . . . . Utility 93 | 2 3 4 5 5 3 5 4 2 . 1 . 4 2 1 . 2 4 3 1 . 6 2 5 7 6 8 4 2 2 Device 58 | 1 1 1 2 4 1 2 1 2 . 1 . 3 1 . . 1 4 1 1 . 4 2 3 5 4 7 3 1 2 Storage 5 | 1 1 . 1 . . . . . . . . . . . . . . 1 . . . . . . 1 . . . . Processor 7 | . . . . . . . 1 . . . . 1 . . . . . 1 . . 1 . 1 . . 1 . 1 . Hackware 3 | . . . . . . 1 . . . . . . . . . 1 . . . . . . . 1 . . . . . Protection 20 | . 1 3 2 1 2 2 2 . . . . . 1 1 . . . . . . 1 . 1 1 1 . 1 . . Artifact . | . . . . . . . . . . . . . . . . . . . . . . . . . . . . . . Weapon 98 | 2 2 5 4 2 4 5 10 . 1 1 2 3 3 2 1 . 9 3 . . 2 2 5 3 3 5 8 5 6 Energy Gun 12 | . 1 . . . . 1 1 . . . . 1 1 . . . 2 . . . 1 . . . 1 1 2 . . Energy Cannon 27 | . . 1 . . 3 2 3 . . . . . 2 1 . . 3 1 . . 1 . 3 1 . 1 3 . 2 Ballistic Gun 43 | 2 1 4 3 1 . 2 4 . 1 . 1 2 . 1 1 . 4 . . . . 1 1 1 2 1 2 5 3 Ballistic Cannon 4 | . . . . . . . . . . . . . . . . . . 1 . . . . 1 1 . . 1 . . Launcher 7 | . . . 1 . 1 . 1 . . 1 1 . . . . . . 1 . . . 1 . . . . . . . Special Weapon 2 | . . . . . . . . . . . . . . . . . . . . . . . . . . 1 . . 1 Impact Weapon 2 | . . . . 1 . . 1 . . . . . . . . . . . . . . . . . . . . . . Slashing Weapon 1 | . . . . . . . . . . . . . . . . . . . . . . . . . . 1 . . . Piercing Weapon . | . . . . . . . . . . . . . . . . . . . . . . . . . . . . . . Special Melee Weapon . | . . . . . . . . . . . . . . . . . . . . . . . . . . . . . . Unidentified Prototypes 40 | . 1 . . . 2 1 6 1 . 2 . 1 . 4 . . . . . . 7 . 2 3 . 6 2 2 . Corrupted Parts 2 | . . . . . . . . . . . . . . . . . . . . . . . 2 . . . . . . System Corruption 13 | . . . . . . . . . . . . . . . . . . . . . . . 13 . . . . . . Parts Lost 61 | . 1 3 7 3 1 2 . . . . 1 . 3 . . . 3 . 2 . 1 . 8 2 1 1 4 8 10 Power 13 | . . 2 1 2 . . . . . . . . . . . . . . . . . . . . . 1 . 5 2 Propulsion 16 | . . 1 1 . . 1 . . . . . . 1 . . . . . 1 . . . 4 1 . . 3 1 2 Utility 24 | . 1 . 3 1 1 1 . . . . . . 1 . . . 2 . 1 . 1 . 3 1 1 . 1 2 4 Weapon 8 | . . . 2 . . . . . . . 1 . 1 . . . 1 . . . . . 1 . . . . . 2 Highest Loss Streak 7 | . 1 1 4 1 1 1 . . . . 1 . 1 . . . 1 . 1 . 1 . 2 2 1 1 1 7 4 To Critical Strikes 1 | . . . . . . . . . . . . . . . . . . . . . . . . . . 1 . . . Average Backups 22 | 3 12 10 22 24 24 22 24 25 25 24 24 23 23 23 22 23 22 22 23 24 23 23 23 24 23 23 23 23 22 Power . | . . . 1 1 . . . 1 1 1 . . . 1 1 1 1 1 1 1 1 1 1 1 1 1 1 . 1 Propulsion 3 | 2 4 4 6 6 6 5 4 3 4 3 4 4 4 3 2 2 1 2 1 2 1 1 2 3 1 1 1 . 2 Utility 9 | . 1 1 5 7 9 8 10 11 11 12 13 11 11 11 11 11 11 12 11 11 11 12 10 9 11 8 11 10 8 Weapon 8 | . 6 4 9 9 8 8 8 8 8 7 6 7 8 7 7 8 8 7 9 10 9 9 9 10 9 10 9 9 9 Tool/Special . | . . . . . . . . . . . . . . . . . . . . . . . . . . . . . . Unused Backups 83 | . . 3 9 . 4 . 4 . 1 . . 1 1 8 1 1 6 2 2 . 5 . 6 6 4 7 3 1 8 Power 8 | . . . . . . . 1 . . . . . 1 1 . . . . . . . . 1 . . 2 . . 2 Propulsion 20 | . . 1 3 . . . . . . . . . . 5 . 1 . . . . 1 . 1 4 3 1 . . . Utility 18 | . . . 3 . . . 2 . . . . 1 . 1 1 . 1 . . . . . . 2 . 1 2 . 4 Weapon 35 | . . 2 3 . 4 . 1 . . . . . . 1 . . 5 2 2 . 4 . 3 . 1 3 1 1 2 Tool/Special 2 | . . . . . . . . . 1 . . . . . . . . . . . . . 1 . . . . . . Average Slot Usage (%) 87 | . 91 80 89 90 99 99 92 91 92 91 94 99 99 92 86 86 84 87 88 88 83 82 84 89 80 79 72 84 81 Engine 2 | . 13 10 2 7 . . 5 7 7 7 7 . . . . . . . . . . . . . . . . . 1 Core 2 | . . . 6 1 9 9 . . . . . 5 6 6 6 6 4 5 5 5 1 . . . . . . . . Reactor 4 | . . . . . . . . . . . 2 6 6 6 6 6 5 5 5 5 4 5 5 9 9 8 12 15 11 Treads 20 | . 28 16 3 36 36 35 30 30 30 30 30 26 25 19 13 13 15 17 17 17 17 17 18 14 18 14 12 . 2 Leg 2 | . . . 31 . . . . . . . . . . . . . . . . . . . 6 10 . . . 20 16 Device 13 | . 5 6 8 9 17 12 7 6 7 7 7 12 19 20 20 20 13 16 17 17 12 17 15 19 14 25 14 16 18 Storage 6 | . 14 7 9 9 9 9 7 7 7 7 7 6 6 6 6 6 5 5 5 5 5 5 5 4 4 4 3 4 3 Processor 2 | . . . . . . . . . . . . 5 6 6 6 6 5 5 5 5 5 5 5 4 4 4 3 3 3 Hackware 1 | . . . . . . . . . . . . . . . . . 5 5 5 5 5 5 2 2 4 4 3 3 . Protection 5 | . 1 8 11 8 9 9 6 7 7 7 6 6 6 6 6 6 2 . . . 3 . 2 3 3 . 2 4 3 Energy Gun 1 | . 8 3 . . . . 1 5 . . . 1 3 4 . . 3 5 . . . . . . 4 4 1 3 . Energy Cannon 6 | . . 8 . . 2 13 7 7 7 6 6 5 6 6 6 6 6 5 10 11 10 11 6 4 4 3 3 3 1 Ballistic Gun 11 | . 18 15 16 15 15 8 19 17 23 23 22 17 9 7 13 13 9 5 5 5 4 4 7 9 9 4 5 4 13 Ballistic Cannon 1 | . . . . . . . . . . . . . . . . . . 5 5 5 5 5 4 2 . . 1 . . Peak Build Rating 234 | 7 20 23 48 41 48 46 57 64 59 68 60 77 77 112 112 115 121 130 129 128 140 142 148 162 170 214 225 234 232 Average Rating 100 | 5 7 13 40 37 43 40 50 55 58 59 57 73 73 92 111 109 106 126 127 128 131 138 136 153 163 208 216 223 211 On Entrance 91 | . 7 20 14 41 40 38 33 55 58 59 60 56 68 74 112 112 108 108 130 128 128 134 135 136 154 168 210 182 173 Avg Prop Armor Cover (%) 6 | . . 9 4 . . . 4 . . . . . . . . . . . . . . . 8 7 . 5 . 5 5 Naked Turns . | . . . . . . . . . . . . . . . . . . . . . . . . . . . . . . Heaviest Build 237 | 13 90 115 114 110 102 105 136 136 137 137 137 136 138 138 136 136 143 156 164 164 176 169 191 188 199 195 229 237 207 Greatest Support 215 | 40 40 40 84 84 84 82 82 88 88 88 88 88 88 160 160 160 160 160 160 140 140 140 175 203 203 215 200 165 174 Greatest Overweight (x) 11 | . 2 11 2 1 1 1 2 1 1 1 1 1 1 1 . . 1 . 1 1 1 1 1 1 1 1 3 4 1 Average Overweight (x) 1 | . 1 3 1 1 1 1 1 1 1 1 1 1 1 . . . . . . 1 . 1 1 . . . . 1 1 Largest Inventory Capacity 25 | 8 25 25 25 25 25 25 25 25 25 25 25 25 25 25 25 25 25 25 25 25 25 25 25 25 25 25 25 25 25 Average Capacity 24 | 7 22 17 25 25 25 25 25 25 25 25 25 25 25 25 25 25 25 25 25 25 25 25 25 25 25 25 25 25 25 Most Carried 25 | 7 15 17 25 25 25 25 25 25 25 25 25 25 25 25 25 25 25 25 25 25 25 25 25 25 25 25 25 25 25 Average Carried 23 | 4 12 10 22 24 24 22 24 24 24 24 24 24 24 24 24 24 24 24 24 25 24 24 23 24 24 24 24 24 23 Final Capacity 25 | 8 25 25 25 25 25 25 25 25 25 25 25 25 25 25 25 25 25 25 25 25 25 25 25 25 25 25 25 25 25 Final Carried 25 | 6 14 17 25 22 25 23 25 25 25 25 25 25 25 25 25 25 25 25 25 25 24 25 25 25 23 25 25 22 17 Class Distribution -------------------- 54% | Scavenger-Tank 10% | Scavenger-Gunner 9% | Mutant 6% | Scavenger-Mutant Dominant Class ---------------- Mutant | -10/Materials Mutant | -10/Subcaves Mutant | -8/Materials Scavenger-Mutant | -8/Garrison Scavenger-Mutant | -8/Materials Scavenger-Tank | -8/Garrison Scavenger-Tank | -7/Factory Scientist-Tank | -7/Lower Caves Scavenger-Tank | -7/Lower Caves Scavenger-Tank | -7/Zion Scavenger-Tank | -6/Proximity Caves Scavenger-Gunner | -6/Factory Commander-Gunner | -6/Extension Commander-Tank | -6/Cetus Commander-Tank | -6/Archives Scavenger-Tank | -6/Hub_04(d) Scavenger-Tank | -6/Garrison Scavenger-Gunner | -5/Factory Scavenger-Tank | -5/Upper Caves Scavenger-Tank | -5/Upper Caves Scavenger-Tank | -5/Warlord Scavenger-Tank | -4/Proximity Caves Scavenger-Tank | -4/Factory Scavenger-Tank | -3/Research Scavenger-Tank | -3/Quarantine Scavenger-Tank | -2/Research Scavenger-Tank | -2/Testing Scavenger-Tank | -1/Access Generator-Tank | -1/Command Resources | -11 -10 -10 -8 -8 -8 -8 -7 -7 -7 -7 -6 -6 -6 -6 -6 -6 -6 -5 -5 -5 -5 -4 -4 -3 -3 -2 -2 -1 -1 ----------- Run | Yrd Mat Sub Mat Gar Mat Gar Fac Low Low Zio Pro Fac Ext Cet Arc Hub Gar Fac Upp Upp War Pro Fac Res Qua Res Tes Acc Com Matter Collected 20061 | 288 75 607 857 636 1218 645 645 713 75 153 180 264 882 132 96 238 1493 83 687 233 222 93 1406 592 1194 510 2694 1155 1995 Remotely 4662 | . . . . 76 . . . . . . . . . . . . . . 151 . . . 454 304 880 . 1336 517 944 Salvage Created 27678 | 17 75 938 1040 703 989 765 605 700 . . 377 64 1493 414 151 519 2510 366 562 33 904 154 2000 890 2200 723 4573 2214 1699 Parts 1214 | 5 . 60 54 60 45 37 32 22 . . 16 7 60 11 6 44 97 15 23 3 26 4 92 35 96 29 174 95 66 Haulers Intercepted 11 | . . . 4 . 3 . 1 1 . . . . . . . . . . . . . . 1 1 . . . . . Recyclers Shooed 7 | . . . 3 . 1 . . . . . . . . . . . . . . . . . 1 . . . . 2 . Parts Field Recycled . | . . . . . . . . . . . . . . . . . . . . . . . . . . . . . . Retrieved Matter . | . . . . . . . . . . . . . . . . . . . . . . . . . . . . . . Parts Self-Destructed 113 | . . 51 . . . . . 20 . . 14 . . . . . . . 20 8 . . . . . . . . . Prevented 9 | . . . . . . . . . . . . . . . . . . . . 3 . 6 . . . . . . . Parts Restored . | . . . . . . . . . . . . . . . . . . . . . . . . . . . . . . Kills | -11 -10 -10 -8 -8 -8 -8 -7 -7 -7 -7 -6 -6 -6 -6 -6 -6 -6 -5 -5 -5 -5 -4 -4 -3 -3 -2 -2 -1 -1 ------- Run | Yrd Mat Sub Mat Gar Mat Gar Fac Low Low Zio Pro Fac Ext Cet Arc Hub Gar Fac Upp Upp War Pro Fac Res Qua Res Tes Acc Com Combat Hostiles Destroyed 463 | . 2 25 11 25 15 24 9 11 . . 13 1 24 3 1 9 45 5 18 3 19 2 34 7 32 7 60 40 18 Melee 8 | . . . . . . . . . . . . . . . . . . . . . . . . . . . 2 6 . Guns 202 | . 2 9 11 14 7 5 6 8 . . 4 . 16 1 . 6 24 . 3 . 3 . 9 3 17 4 25 11 14 Cannons 147 | . . 15 . . 8 9 3 3 . . 2 1 8 2 1 3 18 1 4 . 8 . 18 2 10 2 21 8 . AOE 91 | . . . . 11 . 9 . . . . 6 . . . . . 3 4 11 3 7 . 2 2 5 . 9 15 4 Classes Destroyed 26 | 1 1 3 8 2 1 . 1 . . . . 1 1 . . . . 1 . . 2 . . . . 1 1 1 1 Worker 17 | . . . 1 . 3 . 2 . . . . . . . . 1 . 1 . . . . 1 1 3 . 1 1 2 Builder 16 | . . . . . . . 2 . . . . . 1 . . 2 . . . . . . 1 1 3 . 6 . . Tunneler 4 | 1 . . . . . . . . . . . . . . . . . 1 . . . . . 1 . . . 1 . Hauler 11 | . . . 4 . 3 . 1 1 . . . . . . . . . . . . . . 1 1 . . . . . Recycler 15 | . . . 3 . 1 . 1 . . . . . 1 . . . . 1 . . . . 1 2 2 . . . 3 Mechanic 1 | . . . . . 1 . . . . . . . . . . . . . . . . . . . . . . . . Operator 3 | . . . 1 . . . . . . . . . . . 2 . . . . . . . . . . . . . . Watcher 7 | . . . 1 . . 1 . . . . . . . . . . . 1 . . . . 1 1 1 . . 1 . Swarmer 118 | . . 6 1 11 2 11 2 . . . 9 . 6 . . 1 11 . 7 3 2 . 12 2 9 1 8 10 4 Saboteur 2 | . . . . . . . . . . . . . . . . . . 1 . . . . . . 1 . . . . Grunt 163 | . 2 10 6 5 9 7 2 9 . . 4 . 9 . . 2 14 2 6 . 10 . 11 . 5 1 29 15 5 Brawler 14 | . . . . 1 1 . . . . . . . . . . . 5 1 . . 1 . . . 1 . 1 1 2 Duelist 9 | . . . 1 . . 1 1 . . . . . . . . . . . . . . . . . 1 . 3 2 . Protector 1 | . . . . . . . . . . . . . . . . . . . . . . . . . . . . 1 . Researcher 3 | . . . . . . . . . . . . . . . . . . . . . . . . . . . 3 . . Sentry 41 | . . 1 2 5 2 1 2 1 . . . . 8 . 1 2 6 . 1 . . . 2 1 3 1 1 1 . Specialist 10 | . . . 1 . . . . . . . . . . . . 1 2 . . . . . 2 . . . 2 2 . Hunter 40 | . . . 1 . 1 1 . 1 . . . . . . . . 3 . . . 3 2 5 2 4 1 10 2 4 Programmer 32 | . . . . 3 . 3 2 . . . . . . . . 1 . 1 . . . . 2 . 6 . 7 5 2 Heavy 3 | . . . . . . . . . . . . 1 . . . 1 . . . . . . . . . . . 1 . Behemoth 10 | . . . . . . . . . . . . . 1 . . 1 4 . . . . . . 2 . 1 . . 1 Cetus Guard 3 | . . . . . . . . . . . . . . 3 . . . . . . . . . . . . . . . Striker 2 | . . . . . . . . . . . . . . . . . . . . . 2 . . . . . . . . Executioner 2 | . . . . . . . . . . . . . . . . . . . . . 1 . . . . 1 . . . Subdweller 8 | . . 8 . . . . . . . . . . . . . . . . . . . . . . . . . . . Wasp 2 | . . . . . . . . . . . . . . . . . . . . . . . . . 2 . . . . Thug 1 | . . . . . . . . . . . . . . . . . . . 1 . . . . . . . . . . Butcher 4 | . . . . . . . . . . . . . . . . . . . 3 . 1 . . . . . . . . Guerrilla 3 | . . . . . . . . . . . . . . 3 . . . . . . . . . . . . . . . Infiltrator 1 | . . . . . . . . . . . . . . . . . 1 . . . . . . . . . . . . Troll 1 | . . . . . . . . . . . . . . . . . . . . . . . . . . . . . 1 Dragon 1 | . . . . . . . . . . . . . . . . . . . . . . . . . . 1 . . . Best Kill Streak 16 | 1 2 4 4 9 5 4 3 5 . . 4 1 6 2 1 5 13 7 13 3 10 2 9 4 7 2 15 16 7 Combat Bots Only 14 | . 2 4 3 9 5 4 2 5 . . 4 1 5 2 1 3 13 5 13 3 10 2 9 3 5 2 13 14 6 Max Kills in Single Turn 7 | 1 1 1 1 4 2 4 2 2 . . 2 1 2 1 1 2 3 6 5 3 5 1 2 2 7 1 3 5 4 Gunslinging 1 | . . . . . 1 . . 1 . . . . . . . . . . . . . . . . . . 1 . 1 Exploded 5 | . . . . 4 . 4 . . . . 2 . . . . . 3 4 5 3 5 . 1 2 5 . 2 5 4 Melee 1 | . . . . . . . . . . . . . . . . . . . . . . . . . . . 1 1 . Uniques/NPCs Destroyed 1 | . . . . . . . . . . . . . . . . . . . . . . . . . . . . . 1 MAIN.C (-1/Command) Combat | -11 -10 -10 -8 -8 -8 -8 -7 -7 -7 -7 -6 -6 -6 -6 -6 -6 -6 -5 -5 -5 -5 -4 -4 -3 -3 -2 -2 -1 -1 -------- Run | Yrd Mat Sub Mat Gar Mat Gar Fac Low Low Zio Pro Fac Ext Cet Arc Hub Gar Fac Upp Upp War Pro Fac Res Qua Res Tes Acc Com Hostile Shots Fired 3143 | . 19 121 136 102 61 95 61 64 . . 28 2 169 13 10 58 224 3 54 3 40 32 218 46 173 34 553 449 375 Missed 866 | . 2 32 30 41 13 25 16 16 . . 7 . 57 6 4 10 54 1 11 1 8 11 69 12 38 14 116 145 127 Hits 2277 | . 17 89 106 61 48 70 45 48 . . 21 2 112 7 6 48 170 2 43 2 32 21 149 34 135 20 437 304 248 Melee 23 | . . . 6 . . . 2 . . . . . . . . . 1 . . . . . . . 8 . 4 2 . Projectile 2254 | . 17 89 100 61 48 70 43 48 . . 21 2 112 7 6 48 169 2 43 2 32 21 149 34 127 20 433 302 248 AOE 11 | . . . . . . . 1 . . . . . . . . . . . . . . . . . . . . . 10 Critical Strikes 116 | . 2 1 7 5 1 5 2 2 . . 1 . 6 3 . 1 4 . 1 . 2 . 6 . 7 1 26 20 13 Actively Blocked 33 | . . . . . . . . . . . . . . . . . . . . . . . . . 3 . 9 8 13 Part Disruptions 15 | . . . . . . . 1 . . . . . . . . . 2 . . . . . . . 1 2 3 1 5 Damage Taken 40860 | . 247 1238 1637 917 608 1047 560 693 . . 349 111 1803 128 181 798 2890 39 928 22 556 343 2387 593 2267 329 8681 4957 6551 Core 2273 | . 18 117 142 136 89 86 . 28 . . . . 184 13 21 64 157 18 32 . 21 60 144 38 58 . 653 75 119 Absorbed by Shields 5853 | . . . . . . . . . . . . . . 97 . . 138 . . 8 168 . 248 168 900 235 1755 2136 . Reduced by Siege Mode 1116 | . . . . . . . . . . . . . . . . 57 200 . 17 . . . 84 . 129 . 539 . 90 Redirected to Shielding 154 | . . . . . . . . . . . . . . . . . . . . . . . . 154 . . . . . Ignored by Resistances 1626 | . . . . . 17 . . . . . . . . . . 53 166 . . . . . 94 . 125 102 74 258 737 Regen/Repaired (Parts) 9569 | . . . 174 . . . . . . . . . . . . . . . . . 334 . . . . 128 3226 2190 3517 Core Remaining (%) 69 | 100 . 41 . . . 13 . . . . 94 . . . . . 55 . . . . 83 84 . 91 . 47 . 86 Volleys Fired 1290 | 10 10 72 72 64 47 79 41 21 2 . 18 31 59 24 16 21 97 7 17 4 24 4 64 60 99 16 154 64 93 Largest 5 | 2 2 3 2 2 2 3 4 4 1 . 4 4 4 3 3 3 5 4 4 1 4 1 4 4 4 3 4 5 5 Hottest 309 | 40 70 80 80 59 93 159 239 239 98 . 189 233 233 135 80 158 283 298 309 113 309 43 304 249 254 223 302 225 238 Shots Fired 2982 | 20 20 105 137 117 90 147 99 77 2 . 52 37 162 50 30 63 286 13 45 4 68 4 185 109 237 37 358 155 273 Gun 1833 | 20 20 54 133 111 72 49 58 59 . . 35 6 105 26 14 42 175 4 11 . 17 . 79 41 144 23 205 100 230 Cannon 1093 | . . 51 2 . 18 93 41 18 2 . 11 31 57 24 16 21 110 8 31 3 47 . 102 67 91 14 145 49 41 Launcher 55 | . . . 2 6 . 5 . . . . 6 . . . . . 1 1 3 1 4 4 4 1 2 . 8 6 1 Special 1 | . . . . . . . . . . . . . . . . . . . . . . . . . . . . . 1 Kinetic 1739 | 20 10 41 133 111 72 49 56 48 . . 35 4 91 13 14 42 157 4 24 . 34 . 117 46 95 15 215 63 230 Thermal 1160 | . 10 64 2 . 18 93 43 29 2 . 11 33 71 37 16 21 128 8 18 3 30 . 64 62 140 22 135 86 14 Explosive 48 | . . . 2 6 . 5 . . . . 6 . . . . . 1 1 3 1 4 . 1 1 2 . 8 6 1 Electromagnetic 7 | . . . . . . . . . . . . . . . . . . . . . . 4 3 . . . . . . Entropic 27 | . . . . . . . . . . . . . . . . . . . . . . . . . . . . . 27 Robot Hit Streak 47 | 2 6 11 36 24 16 14 12 15 . . 15 7 45 15 5 19 47 1 10 . 10 . 11 14 33 38 38 12 23 Robot Miss Streak 6 | 4 2 3 5 2 6 2 2 2 . . 1 . 3 2 2 3 4 1 5 . 4 . 4 1 3 1 3 4 5 Penetration Max 3 | . . . . . . . 1 1 . . . . 2 1 1 . 1 . . . 1 . 2 1 2 1 3 1 2 Secondary Targets 18 | . . 3 3 2 3 . . 1 . . . . . . . . . . . . . . . . . . 1 1 4 Max Gunslinging Chain 1 | . . 1 1 1 1 . . 1 . . . . . . . . . . . . . . . . . . 1 1 1 Shots Hit Robots 1851 | 10 14 67 107 84 62 77 47 62 . . 27 6 111 39 22 47 168 2 23 . 34 . 93 54 131 25 228 109 202 Core Hits 1061 | 3 5 29 42 39 30 38 22 27 . . 20 3 55 21 10 19 88 11 47 3 28 2 63 28 87 14 154 86 87 Critical Kills 47 | . . 2 . . . 1 . 1 . . 1 . 3 1 . 1 3 . 3 . 4 . 5 2 1 2 16 . 1 Critical Parts Destroyed 41 | . . . . 1 . . . 1 . . . . 2 . . 3 4 . 2 . 2 . 2 1 . . 19 3 1 Critical Strikes 110 | . 2 3 . 1 . 1 . 2 . . 1 . 7 3 . 4 8 . 7 . 7 . 8 4 3 2 39 6 2 Burn 6 | . 2 1 . . . . . . . . . . 1 2 . . . . . . . . . . . . . . . Meltdown 12 | . . 1 . . . 1 . . . . 1 . . 1 . . . . . . 1 . 3 . . 1 3 . . Destroy 81 | . . 1 . 1 . . . 2 . . . . 6 . . 4 8 . 5 . 5 . 4 3 3 1 33 3 2 Blast 8 | . . . . . . . . . . . . . . . . . . . 2 . 1 . 1 1 . . 3 . . Sever 3 | . . . . . . . . . . . . . . . . . . . . . . . . . . . . 3 . Melee Attacks 49 | . . . . 12 . . . . . . . . . . . . . . . . . . . . . 1 6 27 3 Impact 12 | . . . . 12 . . . . . . . . . . . . . . . . . . . . . . . . . Slashing 37 | . . . . . . . . . . . . . . . . . . . . . . . . . . 1 6 27 3 Piercing . | . . . . . . . . . . . . . . . . . . . . . . . . . . . . . . Sneak Attacks 5 | . . . . . . . . . . . . . . . . . . . . . . . . . . . 1 1 3 Combat Hostiles . | . . . . . . . . . . . . . . . . . . . . . . . . . . . . . . Follow-up Attacks . | . . . . . . . . . . . . . . . . . . . . . . . . . . . . . . Damage Inflicted 67265 | 94 188 1323 1546 2106 1164 2057 1058 1627 . . 1083 153 3349 1120 652 1545 5983 809 1820 324 2381 239 3792 1938 4903 858 9523 7814 7816 Guns 28835 | 94 183 426 1531 1397 795 431 728 1132 . . 330 84 1923 495 278 801 2923 . 51 . 99 . 1577 832 2620 471 2738 1816 5080 Cannons 22277 | . . 897 . . 347 1001 299 495 . . 360 69 1380 625 374 744 2590 83 608 . 1017 . 1844 771 1526 387 3799 1278 1783 Explosions 13563 | . . . . 709 . 625 . . . . 393 . . . . . 470 611 1161 324 1265 239 359 335 757 . 2582 3268 465 Melee 2319 | . . . . . . . . . . . . . . . . . . . . . . . . . . . 379 1452 488 Ramming 271 | . 5 . 15 . 22 . 31 . . . . . 46 . . . . 115 . . . . 12 . . . 25 . . Kinetic 27312 | 94 109 312 1531 1397 795 431 700 874 . . 330 43 1729 241 278 801 2514 . 235 . 411 . 2220 963 1523 339 3188 1124 5130 Thermal 22481 | . 74 1011 . . 347 1001 327 753 . . 360 110 1574 879 374 744 3200 83 424 . 705 . 1201 640 2623 519 3349 1970 213 Explosive 12891 | . . . . 709 . 625 . . . . 393 . . . . . 269 611 1161 324 1265 . 127 335 757 . 2582 3268 465 Electromagnetic 471 | . . . . . . . . . . . . . . . . . . . . . . 239 232 . . . . . . Impact . | . . . . . . . . . . . . . . . . . . . . . . . . . . . . . . Slashing 2319 | . . . . . . . . . . . . . . . . . . . . . . . . . . . 379 1452 488 Piercing . | . . . . . . . . . . . . . . . . . . . . . . . . . . . . . . Entropic 1520 | . . . . . . . . . . . . . . . . . . . . . . . . . . . . . 1520 Highest Corruption 30 | . . 10 . 2 2 14 1 1 . . . . . . . . . 6 6 6 . . 17 . 7 . 22 25 30 Average Corruption 8 | . . 9 . 1 2 5 1 1 . . . . . . . . . 6 6 6 . . 7 . 6 . 12 10 26 Corruption Purged . | . . . . . . . . . . . . . . . . . . . . . . . . . . . . . . Corruption Blocked . | . . . . . . . . . . . . . . . . . . . . . . . . . . . . . . Effects 342 | . . 49 . 5 14 28 1 2 . . . . . . . . . 3 42 . . . 25 . 29 . 62 28 54 Message Errors 64 | . . 14 . 1 1 4 . 1 . . . . . . . . . 1 10 . . . 7 . 3 . 11 5 6 Matter Fused 78 | . . 12 . 2 6 9 . . . . . . . . . . . 1 11 . . . 4 . 6 . 9 5 13 Heat Flow Errors 34 | . . 3 . . 1 4 1 . . . . . . . . . . . 6 . . . 2 . 2 . 5 3 7 Energy Discharges 31 | . . 7 . . 1 4 . . . . . . . . . . . 1 5 . . . 2 . 2 . 2 3 4 Parts Rejected 11 | . . . . . . 1 . . . . . . . . . . . . . . . . 2 . 1 . 4 1 2 Data Loss (minor) 39 | . . 6 . . 1 3 . 1 . . . . . . . . . . 3 . . . 3 . 2 . 10 3 7 Data Loss (major) 13 | . . 2 . 1 . 1 . . . . . . . . . . . . 3 . . . 1 . 2 . 1 1 1 Misfires 19 | . . 1 . . . . . . . . . . . . . . . . 3 . . . . . 6 . 6 2 1 Alerts 11 | . . 3 . 1 . 2 . . . . . . . . . . . . . . . . 1 . . . 1 . 3 Misdirections 4 | . . . . . . . . . . . . . . . . . . . . . . . . . . . 2 1 1 Weapon Failures 38 | . . 1 . . 4 . . . . . . . . . . . . . 1 . . . 3 . 5 . 11 4 9 Overload Shots 5 | . . . . . . . . . . . . . . . . . . . . . . . . 5 . . . . . Overflow Damage 745 | . . 10 . 52 . 47 13 . . . 9 . . 11 16 . 47 65 27 6 26 . 14 56 17 . 147 156 26 Projectiles 303 | . . 10 . . . 1 13 . . . 9 . . 11 16 . 34 . . . 18 . 14 56 16 . 74 14 17 Explosions 313 | . . . . 52 . 46 . . . . . . . . . . 13 30 27 6 8 . . . 1 . 73 48 9 Melee 129 | . . . . . . . . . . . . . . . . . . 35 . . . . . . . . . 94 . Knockbacks 18 | . . . . . 1 . . . . . . . 1 . . . . 2 4 . 1 . 3 1 . . 4 . 1 Impact 4 | . . . . . 1 . . . . . . . 1 . . . . 2 . . . . . . . . . . . Kinetic 14 | . . . . . . . . . . . . . . . . . . . 4 . 1 . 3 1 . . 4 . 1 Secondary . | . . . . . . . . . . . . . . . . . . . . . . . . . . . . . . Self-Inflicted Damage 300 | . . . . 9 . 11 . . . . . . . . . . 47 . 101 . 17 . . . 15 . . 82 18 Shots 13 | . . . . 1 . 1 . . . . . . . . . . 1 . 5 . 1 . . . 1 . . 2 1 Rammed 14 | . 1 . . . 2 . 2 . . . . . 3 . . . . 2 . . . . 2 . . . 2 . . Targets Rammed 21 | . 1 . 5 . 3 . 3 . . . . . 3 . . . . 2 . . . . 2 . . . 2 . . Kicked 5 | . . . 5 . . . . . . . . . . . . . . . . . . . . . . . . . . Crushed 2 | . . . . . 1 . 1 . . . . . . . . . . . . . . . . . . . . . . Highest Temperature 653 | . 276 246 80 27 198 358 226 306 12 . 330 88 384 52 . 124 402 190 391 36 347 . 435 346 249 276 572 446 653 Average Temperature 116 | . 140 96 29 7 54 96 38 144 9 . 157 49 80 23 . 46 136 67 152 21 111 . 135 93 69 78 167 145 273 Received Heat Transfer 6029 | . 171 279 468 261 315 404 123 327 . . 108 . 614 4 . 174 744 . 252 . 110 . 105 36 200 46 692 353 243 Effects 64 | . . 1 . . . 1 . 3 . . 1 . . . . . 6 . 4 . 3 . 5 . . . 29 2 9 Shutdowns 18 | . . . . . . . . . . . 1 . . . . . 2 . 1 . 1 . 1 . . . 12 . . Energy Bleed 6 | . . 1 . . . 1 . . . . . . . . . . 2 . . . . . . . . . 1 . 1 Interference 22 | . . . . . . . . 3 . . . . . . . . . . 3 . 2 . 2 . . . 7 2 3 Matter Decay 4 | . . . . . . . . . . . . . . . . . . . . . . . . . . . 3 . 1 Short Circuit 4 | . . . . . . . . . . . . . . . . . . . . . . . . . . . 4 . . Damage (minor) 5 | . . . . . . . . . . . . . . . . . 2 . . . . . 2 . . . . . 1 Damage (major) 3 | . . . . . . . . . . . . . . . . . . . . . . . . . . . . . 3 Damage (core) 2 | . . . . . . . . . . . . . . . . . . . . . . . . . . . 2 . . Siege Activations 44 | . . . . . . . . . . . . . . . 1 4 9 . 2 . . 1 2 1 7 1 13 . 3 Total Turns 713 | . . . . . . . . . . . . . . . 5 37 154 . 26 . . 3 30 9 106 1 288 . 54 Longest Duration 74 | . . . . . . . . . . . . . . . 5 14 25 . 16 . . 3 24 9 32 1 74 . 42 Martial Activations . | . . . . . . . . . . . . . . . . . . . . . . . . . . . . . . Shielding Activations . | . . . . . . . . . . . . . . . . . . . . . . . . . . . . . . Robots Disrupted . | . . . . . . . . . . . . . . . . . . . . . . . . . . . . . . Combat Hostiles . | . . . . . . . . . . . . . . . . . . . . . . . . . . . . . . Robots Corrupted 5 | . . . . . . . . . . . . . . . . . . 1 . . . 2 2 . . . . . . Combat Hostiles 4 | . . . . . . . . . . . . . . . . . . . . . . 2 2 . . . . . . Parts Fried 10 | . . . . . . . 1 . . . . . . . . . . 3 . . . 3 3 . . . . . . Impact Corruptions 4 | . . . . . . . 1 . . . . . . . . . . 2 . . . . 1 . . . . . . Robots Melted 12 | . . 1 . . . 1 . . . . 1 . . 1 . . . . . . 1 . 3 . . 1 3 . . Combat Hostiles 11 | . . 1 . . . 1 . . . . 1 . . . . . . . . . 1 . 3 . . 1 3 . . Parts Melted 55 | . 4 2 . . 3 6 . 2 . . 1 . 1 2 2 . . . . . 4 . 5 1 2 3 13 4 . Heat Transferred 25076 | . 370 1591 . . 629 1739 496 1325 . . 550 174 2464 1331 500 148 2050 74 407 . 685 . 1258 703 2923 425 3219 1887 128 Parts Sabotaged . | . . . . . . . . . . . . . . . . . . . . . . . . . . . . . . Parts Stolen . | . . . . . . . . . . . . . . . . . . . . . . . . . . . . . . Parts Stripped . | . . . . . . . . . . . . . . . . . . . . . . . . . . . . . . Power Chain Reactions 2 | . . . . . . . . . . . . . . . . . 2 . . . . . . . . . . . . Alert | -11 -10 -10 -8 -8 -8 -8 -7 -7 -7 -7 -6 -6 -6 -6 -6 -6 -6 -5 -5 -5 -5 -4 -4 -3 -3 -2 -2 -1 -1 ------- Run | Yrd Mat Sub Mat Gar Mat Gar Fac Low Low Zio Pro Fac Ext Cet Arc Hub Gar Fac Upp Upp War Pro Fac Res Qua Res Tes Acc Com Maximum Alert Level 5 | . . . 2 4 3 5 3 . . . . . 2 2 1 1 5 5 . . . . 3 2 3 2 4 5 4 Low Security (%) 20 | 100 100 . 44 12 . . . . . . . 100 77 . 31 39 . . . . . . 42 . . 29 4 . . Level 1 20 | . . . 40 14 . . . . . . . . 10 92 68 60 6 . . . . . 19 71 2 57 35 . . Level 2 12 | . . . 15 3 5 2 . . . . . . 11 7 . . 8 . . . . . 28 28 78 12 21 . . Level 3 21 | . . . . 42 94 16 100 . . . . . . . . . 23 . . . . . 9 . 19 . 15 43 . Level 4 17 | . . . . 27 . 50 . . . . . . . . . . 24 85 . . . . . . . . 23 43 100 Level 5 6 | . . . . . . 31 . . . . . . . . . . 37 4 . . . . . . . . . 5 . High Security . | . . . . . . . . . . . . . . . . . . 10 . . . . . . . . . 7 . Max Security . | . . . . . . . . . . . . . . . . . . . . . . . . . . . . . . Peak Influence 2592 | 5 40 . 531 1433 1090 2071 1087 . . . . 45 560 410 253 370 2592 1847 . . . . 792 445 918 513 1586 2092 1563 Initial 1360 | . . . 28 78 698 698 1087 . . . . . 2 298 136 77 208 1360 . . . . . 405 222 513 191 932 1300 Average 720 | . 3 . 217 850 811 1402 915 . . . . 6 112 329 210 224 1423 1459 . . . . 304 374 616 282 693 1211 1411 Influence Increases 20951 | 5 55 464 1159 1445 827 1433 405 245 . . 300 81 1184 392 237 951 2434 726 280 114 380 50 1192 438 1154 430 2028 1836 706 Destroy 0b10 Robot/C 10860 | . 40 440 500 660 400 560 180 220 . . 260 20 640 180 80 340 1060 300 280 100 380 40 680 160 680 140 1300 800 420 Destroy 0b10 Robot/NC 435 | 5 . . 55 . 45 5 30 5 . . . . 20 10 15 15 . 35 . . . . 25 35 45 . 35 25 30 Destroy Leader 1472 | . 10 . 152 30 88 40 52 20 . . 40 10 64 . . 100 60 74 . 10 . 10 114 54 82 30 200 152 80 Allied During Kill 1411 | . . 9 127 49 33 41 . . . . . . 328 189 95 176 143 84 . 4 . . . 12 6 . 28 5 82 Successful Hack 286 | . 5 . 6 54 21 12 69 . . . . 16 23 9 . 13 . 8 . . . . . 17 29 . . . 4 Select Force Hacks 90 | . . . 30 . 30 . 30 . . . . . . . . . . . . . . . . . . . . . . Disable Machine 765 | . . . 15 30 15 15 30 . . . . 15 45 . 45 75 15 45 . . . . 105 90 90 . 60 30 45 Anti-Garrison Action 1900 | . . . . 500 . 550 . . . . . . . . . . 850 . . . . . . . . . . . . Destroy Structure 1807 | . . . 15 107 . 135 14 . . . . 20 19 4 2 22 246 180 . . . . 238 70 162 30 255 243 45 Partial Spotted 15 | . . . 15 . . . . . . . . . . . . . . . . . . . . . . . . . . Lose Combat Pursuer 570 | . . 15 60 15 45 75 . . . . . . 45 . . . 60 . . . . . 30 . 60 . 150 15 . Miscellaneous 1340 | . . . 184 . 150 . . . . . . . . . . 210 . . . . . . . . . 230 . 566 . Influence Decreases 19525 | 5 55 408 1095 132 1185 437 1600 675 446 . 300 74 657 586 354 876 140 1486 1252 470 558 376 418 817 637 1001 815 1358 1312 Entered New Map 8608 | . . . 28 42 735 377 984 325 86 . . . 5 236 204 146 90 1232 679 164 504 326 . 369 173 399 150 622 732 Time Decay 8146 | 5 45 378 486 . 380 . 556 350 360 . 290 74 372 230 70 270 . 214 553 286 44 50 348 368 434 592 565 446 380 Search Patrol Dispatched 100 | . . . . . . . . . . . . . . . . 100 . . . . . . . . . . . . . Lost Part 570 | . 10 10 60 30 10 20 . . . . 10 . 30 . . . 30 . 20 . 10 . 70 20 10 10 40 80 100 Lost Ally 1020 | . . 20 40 60 60 40 60 . . . . . 100 120 80 60 20 40 . 20 . . . 60 20 . 60 60 100 Purge Threat 1081 | . . . 481 . . . . . . . . . 150 . . 300 . . . . . . . . . . . 150 . Squads Dispatched 92 | . . . 3 . 3 . 5 . . . . 1 2 . . 4 . 4 . . . . 6 4 10 1 22 18 9 Investigation 9 | . . . 1 . 1 . 1 . . . . . . . . . . . . . . . 2 . 1 . 1 2 . Extermination 18 | . . . . . . . 3 . . . . 1 . . . 1 . . . . . . 2 . 2 . 4 3 2 Reinforcement 35 | . . . 2 . 1 . . . . . . . 2 . . 2 . 2 . . . . 2 4 3 1 8 6 2 Assault 15 | . . . . . 1 . 1 . . . . . . . . . . 2 . . . . . . 2 . 3 1 5 Garrison 15 | . . . . . . . . . . . . . . . . 1 . . . . . . . . 2 . 6 6 . Intercept . | . . . . . . . . . . . . . . . . . . . . . . . . . . . . . . Searches Triggered 1 | . . . . . . . . . . . . . . . . 1 . . . . . . . . . . . . . Construction Impeded 5 | . . . . . . . . . . . . . 1 . . . . 1 . . . . . . 1 . 2 . . Haulers Reinforced 6 | . . . . . . . . . . . . . . . . . . . . . . . 1 3 . . . 2 . Active Scanning Responses . | . . . . . . . . . . . . . . . . . . . . . . . . . . . . . . Cargo Convoy Interrupts . | . . . . . . . . . . . . . . . . . . . . . . . . . . . . . . Stealth | -11 -10 -10 -8 -8 -8 -8 -7 -7 -7 -7 -6 -6 -6 -6 -6 -6 -6 -5 -5 -5 -5 -4 -4 -3 -3 -2 -2 -1 -1 --------- Run | Yrd Mat Sub Mat Gar Mat Gar Fac Low Low Zio Pro Fac Ext Cet Arc Hub Gar Fac Upp Upp War Pro Fac Res Qua Res Tes Acc Com Distress Signals 58 | . . . 6 . . . . . . . . . 6 2 . 1 . 2 . . 2 . 2 5 2 5 7 8 10 Communications Jammed 28 | . . . . . . . . . . . . 1 . . . 5 . . . . . . 11 . . . . . 11 Distress Signals 24 | . . . . . . . . . . . . . . . . 5 . . . . . . 8 . . . . . 11 Times Spotted 730 | . 2 34 36 38 29 32 21 11 . . 12 1 37 12 13 20 51 8 20 3 39 2 43 14 38 14 85 67 48 Peak Tracking Total 13 | . 2 5 6 6 7 5 3 5 . . 4 1 7 5 2 4 7 6 13 3 13 2 7 6 6 6 9 11 10 Tactical Retreats 26 | . . 1 2 1 3 4 . . . . . . 2 . . . 3 . . . . . 2 . 2 . 5 1 . Traps | -11 -10 -10 -8 -8 -8 -8 -7 -7 -7 -7 -6 -6 -6 -6 -6 -6 -6 -5 -5 -5 -5 -4 -4 -3 -3 -2 -2 -1 -1 ------- Run | Yrd Mat Sub Mat Gar Mat Gar Fac Low Low Zio Pro Fac Ext Cet Arc Hub Gar Fac Upp Upp War Pro Fac Res Qua Res Tes Acc Com Traps Triggered 32 | . 1 . . 4 . 6 3 . . . . . 1 . . 1 10 . . . . . 3 . . . 2 1 . Indirectly . | . . . . . . . . . . . . . . . . . . . . . . . . . . . . . . Trap Hack Attempts . | . . . . . . . . . . . . . . . . . . . . . . . . . . . . . . Triggered . | . . . . . . . . . . . . . . . . . . . . . . . . . . . . . . Disarmed . | . . . . . . . . . . . . . . . . . . . . . . . . . . . . . . Reprogrammed . | . . . . . . . . . . . . . . . . . . . . . . . . . . . . . . Reused . | . . . . . . . . . . . . . . . . . . . . . . . . . . . . . . Traps Extracted . | . . . . . . . . . . . . . . . . . . . . . . . . . . . . . . Installed . | . . . . . . . . . . . . . . . . . . . . . . . . . . . . . . Triggered . | . . . . . . . . . . . . . . . . . . . . . . . . . . . . . . Machines | -11 -10 -10 -8 -8 -8 -8 -7 -7 -7 -7 -6 -6 -6 -6 -6 -6 -6 -5 -5 -5 -5 -4 -4 -3 -3 -2 -2 -1 -1 ---------- Run | Yrd Mat Sub Mat Gar Mat Gar Fac Low Low Zio Pro Fac Ext Cet Arc Hub Gar Fac Upp Upp War Pro Fac Res Qua Res Tes Acc Com Machines Disabled 82 | . . 2 1 10 1 11 2 . . . . 1 4 . 3 5 9 3 1 . 1 . 7 6 6 . 4 2 3 Max in Single Turn 4 | . . . . 2 . 2 1 . . . . 1 1 . 1 1 2 . 1 . 1 . 4 3 1 . 1 1 2 Garrison Access 3 | . . . . . . . . . . . . . . . . . . . . . . . . . . 3 . . . Garrison Relay 15 | . . . . 5 . 6 . . . . . . . . . . 4 . . . . . . . . . . . . Phase Generator 3 | . . . . 1 . 1 . . . . . . . . . . 1 . . . . . . . . . . . . Machines Repaired . | . . . . . . . . . . . . . . . . . . . . . . . . . . . . . . Machines Dismantled . | . . . . . . . . . . . . . . . . . . . . . . . . . . . . . . Machines Sabotaged . | . . . . . . . . . . . . . . . . . . . . . . . . . . . . . . Overloaded Fab Kills . | . . . . . . . . . . . . . . . . . . . . . . . . . . . . . . Hacking | -11 -10 -10 -8 -8 -8 -8 -7 -7 -7 -7 -6 -6 -6 -6 -6 -6 -6 -5 -5 -5 -5 -4 -4 -3 -3 -2 -2 -1 -1 --------- Run | Yrd Mat Sub Mat Gar Mat Gar Fac Low Low Zio Pro Fac Ext Cet Arc Hub Gar Fac Upp Upp War Pro Fac Res Qua Res Tes Acc Com Machines Accessed 76 | . 1 . 11 4 7 3 8 . . . . 2 11 1 . 4 . 3 1 . 2 1 2 2 3 3 3 3 1 Terminals 55 | . 1 . 7 4 4 3 3 . . . . 2 11 1 . 3 . 2 1 . . 1 . 2 1 2 3 3 1 Fabricators . | . . . . . . . . . . . . . . . . . . . . . . . . . . . . . . Repair Stations 1 | . . . 1 . . . . . . . . . . . . . . . . . . . . . . . . . . Recycling Units 3 | . . . 1 . 1 . 1 . . . . . . . . . . . . . . . . . . . . . . Scanalyzers 9 | . . . 1 . 1 . 4 . . . . . . . . . . 1 . . . . 1 . 1 . . . . Garrison Access 6 | . . . 1 . 1 . . . . . . . . . . 1 . . . . . . 1 . 1 1 . . . Total Hacks 160 | . 3 . 24 8 10 6 21 . . . . 2 20 1 . 11 . 7 4 . 6 1 6 7 6 5 4 6 2 Successful 84 | . 1 . 16 5 8 2 11 . . . . 1 10 1 . 5 . 3 4 . 6 1 2 2 2 1 1 1 1 Failed 74 | . 2 . 8 3 1 4 10 . . . . 1 10 . . 6 . 4 . . . . 3 5 4 4 3 5 1 Catastrophic 15 | . . . 3 1 . . 1 . . . . . 2 . . . . 1 . . . . 2 1 . . 2 2 . Database Lockouts 2 | . . . . . 1 . . . . . . . . . . . . . . . . . 1 . . . . . . Manual 59 | . 4 . 7 1 4 1 7 . . . . 1 10 1 . 7 . 5 . . . . . 6 . 2 2 . 1 Terminals 109 | . 3 . 16 8 4 6 7 . . . . 2 20 1 . 7 . 5 4 . . 1 . 7 2 4 4 6 2 Fabricators . | . . . . . . . . . . . . . . . . . . . . . . . . . . . . . . Repair Stations 2 | . . . 2 . . . . . . . . . . . . . . . . . . . . . . . . . . Recycling Units 3 | . . . 1 . 1 . 1 . . . . . . . . . . . . . . . . . . . . . . Scanalyzers 28 | . . . 4 . 4 . 13 . . . . . . . . . . 2 . . . . 3 . 2 . . . . Garrison Access 12 | . . . 1 . 1 . . . . . . . . . . 4 . . . . . . 3 . 2 1 . . . Terminal Hacks 40 | . . . 5 4 2 2 1 . . . . 1 6 1 . 2 . . 4 . 6 1 . 1 1 . 1 1 1 Record 5 | . . . . . . . . . . . . . . . . . . . 4 . . 1 . . . . . . . Prototype ID Bank 5 | . . . . . . . . . . . . . . . . . . . . . 5 . . . . . . . . Open Door 10 | . . . . 1 . . . . . . . . 5 1 . . . . . . 1 . . . . . 1 . 1 Branch Access Points 3 | . . . . . . . 1 . . . . 1 . . . . . . . . . . . 1 . . . . . Emergency Access Points 2 | . . . . 1 . 1 . . . . . . . . . . . . . . . . . . . . . . . Terminal Index 1 | . . . . . . . . . . . . . . . . . . . . . . . . . 1 . . . . Garrison Index 1 | . . . . . 1 . . . . . . . . . . . . . . . . . . . . . . . . Unreport Threat 8 | . . . 4 . . . . . . . . . 1 . . 2 . . . . . . . . . . . 1 . Hauler Manifests 2 | . . . 1 . 1 . . . . . . . . . . . . . . . . . . . . . . . . Garrison Registry 2 | . . . . 1 . 1 . . . . . . . . . . . . . . . . . . . . . . . Security Stations 1 | . . . . 1 . . . . . . . . . . . . . . . . . . . . . . . . . Fabricator Hacks . | . . . . . . . . . . . . . . . . . . . . . . . . . . . . . . Repair Station Hacks 2 | . . . 2 . . . . . . . . . . . . . . . . . . . . . . . . . . Scan Component 1 | . . . 1 . . . . . . . . . . . . . . . . . . . . . . . . . . Repair 1 | . . . 1 . . . . . . . . . . . . . . . . . . . . . . . . . . Recycling Unit Hacks . | . . . . . . . . . . . . . . . . . . . . . . . . . . . . . . Scanalyzer 18 | . . . 4 . 2 . 8 . . . . . . . . . . 1 . . . . 2 . 1 . . . . Insert Component 1 | . . . . . . . 1 . . . . . . . . . . . . . . . . . . . . . . Analyze 1 | . . . . . . . 1 . . . . . . . . . . . . . . . . . . . . . . Retrieve Study 16 | . . . 4 . 2 . 6 . . . . . . . . . . 1 . . . . 2 . 1 . . . . Garrison Access Hacks 4 | . . . 1 . 1 . . . . . . . . . . 1 . . . . . . . . . 1 . . . Unlock Access 3 | . . . 1 . 1 . . . . . . . . . . 1 . . . . . . . . . . . . . Seal Access 1 | . . . . . . . . . . . . . . . . . . . . . . . . . . 1 . . . Unauthorized Hacks 20 | . 1 . 4 1 3 . 2 . . . . . 4 . . 2 . 2 . . . . . 1 . . . . . Terminals 17 | . 1 . 3 1 2 . 1 . . . . . 4 . . 2 . 2 . . . . . 1 . . . . . Botnet 17 | . 1 . 3 1 2 . 1 . . . . . 4 . . 2 . 2 . . . . . 1 . . . . . Fabricators . | . . . . . . . . . . . . . . . . . . . . . . . . . . . . . . Repair Stations . | . . . . . . . . . . . . . . . . . . . . . . . . . . . . . . Recycling Units 3 | . . . 1 . 1 . 1 . . . . . . . . . . . . . . . . . . . . . . Tunnel 3 | . . . 1 . 1 . 1 . . . . . . . . . . . . . . . . . . . . . . Scanalyzers . | . . . . . . . . . . . . . . . . . . . . . . . . . . . . . . Garrison Access . | . . . . . . . . . . . . . . . . . . . . . . . . . . . . . . Data Cores Recovered 1 | . . . 1 . . . . . . . . . . . . . . . . . . . . . . . . . . Used . | . . . . . . . . . . . . . . . . . . . . . . . . . . . . . . Hacking Detections 55 | . 1 . 6 3 4 3 6 . . . . 1 9 . . 4 . 3 1 . . . 2 1 3 2 3 3 . Full Trace Events 8 | . . . . 2 . 1 . . . . . . . . . . . . . . . . 1 . 1 . 1 2 . Feedback Events 1 | . . . . . . . . . . . . . . . . . . . . . . . . . . . . 1 . Corruption 1 | . . . . . . . . . . . . . . . . . . . . . . . . . . . . 1 . Feedback Blocked . | . . . . . . . . . . . . . . . . . . . . . . . . . . . . . . Robot Schematics Acquired 2 | . . . . . . . . . . . . . . . . . . . . . . . . . . . 2 . . Robots Built . | . . . . . . . . . . . . . . . . . . . . . . . . . . . . . . Authchips . | . . . . . . . . . . . . . . . . . . . . . . . . . . . . . . Time . | . . . . . . . . . . . . . . . . . . . . . . . . . . . . . . Total Robot Build Rating . | . . . . . . . . . . . . . . . . . . . . . . . . . . . . . . Part Schematics Acquired 3 | . . . . . . . 1 . . . . . . . . . . . . . . . . . . . 2 . . Parts Built . | . . . . . . . . . . . . . . . . . . . . . . . . . . . . . . Authchips . | . . . . . . . . . . . . . . . . . . . . . . . . . . . . . . Time . | . . . . . . . . . . . . . . . . . . . . . . . . . . . . . . Total Part Build Rating . | . . . . . . . . . . . . . . . . . . . . . . . . . . . . . . Part Studies Acquired 16 | . . . 4 . 2 . 6 . . . . . . . . . . 1 . . . . 2 . 1 . . . . Parts Repaired 1 | . . . 1 . . . . . . . . . . . . . . . . . . . . . . . . . . Time 38 | . . . 38 . . . . . . . . . . . . . . . . . . . . . . . . . . Parts Recycled . | . . . . . . . . . . . . . . . . . . . . . . . . . . . . . . Recycled Matter . | . . . . . . . . . . . . . . . . . . . . . . . . . . . . . . Retrieved Matter . | . . . . . . . . . . . . . . . . . . . . . . . . . . . . . . Retrieved Components . | . . . . . . . . . . . . . . . . . . . . . . . . . . . . . . Parts Scanalyzed 1 | . . . . . . . 1 . . . . . . . . . . . . . . . . . . . . . . Part Schematics Acquired 1 | . . . . . . . 1 . . . . . . . . . . . . . . . . . . . . . . Parts Damaged . | . . . . . . . . . . . . . . . . . . . . . . . . . . . . . . Bothacking | -11 -10 -10 -8 -8 -8 -8 -7 -7 -7 -7 -6 -6 -6 -6 -6 -6 -6 -5 -5 -5 -5 -4 -4 -3 -3 -2 -2 -1 -1 ------------ Run | Yrd Mat Sub Mat Gar Mat Gar Fac Low Low Zio Pro Fac Ext Cet Arc Hub Gar Fac Upp Upp War Pro Fac Res Qua Res Tes Acc Com Used RIF Installer . | . . . . . . . . . . . . . . . . . . . . . . . . . . . . . . Robots Hacked 1 | . . . . . . . . . . . . . . . . . . . . . . . . . . . . . 1 Non-combat . | . . . . . . . . . . . . . . . . . . . . . . . . . . . . . . Combat . | . . . . . . . . . . . . . . . . . . . . . . . . . . . . . . Robot Hacks Applied . | . . . . . . . . . . . . . . . . . . . . . . . . . . . . . . Manual 1 | . . . . . . . . . . . . . . . . . . . . . . . . . . . . . 1 Relay Couplers Released 66 | . . . . 21 . 25 . . . . . . . . . . 15 . . . . . 4 . . 1 . . . Machine Destruction 62 | . . . . 21 . 25 . . . . . . . . . . 15 . . . . . . . . 1 . . . Programmers 4 | . . . . . . . . . . . . . . . . . . . . . . . 4 . . . . . . Fabnet Peak Effective % . | . . . . . . . . . . . . . . . . . . . . . . . . . . . . . . Robots Rewired 29 | . . . . 6 . 5 . . . . . . 16 . . . 2 . . . . . . . . . . . . Allies Hacked 2 | . . . . . . . . . . . . . . . . . . . . . . . . . . . . 2 . Hacks Repelled . | . . . . . . . . . . . . . . . . . . . . . . . . . . . . . . Allies | -11 -10 -10 -8 -8 -8 -8 -7 -7 -7 -7 -6 -6 -6 -6 -6 -6 -6 -5 -5 -5 -5 -4 -4 -3 -3 -2 -2 -1 -1 -------- Run | Yrd Mat Sub Mat Gar Mat Gar Fac Low Low Zio Pro Fac Ext Cet Arc Hub Gar Fac Upp Upp War Pro Fac Res Qua Res Tes Acc Com Total Allies 76 | . . 2 5 6 . 5 . . . . . . 27 5 . . 4 . 1 . . . . 3 3 . 4 4 7 Largest Group 21 | . . 1 5 2 3 5 3 . . . . . 21 16 10 4 4 2 1 1 . . . 3 3 . 4 4 4 Highest-Rated Group 854 | . . 90 120 70 72 74 38 . . . . . 776 854 668 308 424 264 79 79 . . . 126 177 . 120 200 272 Highest-Rated Ally 159 | . . 90 24 39 24 18 18 . . . . . 159 159 159 96 148 148 79 79 . . . 42 59 . 30 50 82 Initial Warlord ECA Mod 30 | . . . . . 12 12 23 23 23 23 22 22 22 22 22 22 22 30 30 30 30 29 29 28 28 27 27 26 26 Total Orders 13 | . . . . 1 . 3 . . . . . . . 4 . . 5 . . . . . . . . . . . . STAY 8 | . . . . 1 . 2 . . . . . . . 2 . . 3 . . . . . . . . . . . . FOLLOW 5 | . . . . . . 1 . . . . . . . 2 . . 2 . . . . . . . . . . . . Ally Attacks 546 | . . 14 58 46 24 14 . . . . . . 91 59 25 40 20 52 . 4 . . . 6 10 . 25 10 48 Total Damage 13887 | . . 417 1294 551 477 277 . . . . . . 1480 1288 991 1610 677 1831 . 217 . . . 210 458 . 372 366 1371 Kills 107 | . . 5 15 8 6 4 . . . . . . 12 8 4 9 8 13 . 2 . . . 1 4 . 2 2 4 Allies Corrupted 5 | . . . . . . . . . . . . . 1 . . . . 1 . . . . . . . . . 1 2 Allies Melted 3 | . . . . . . . . . . . . . . 1 . . . . . . 1 . . . . 1 . . . X0-1V1 Amusement Gains 594 | . 15 20 10 50 10 30 . . . . . . 5 20 . . 30 63 30 . 40 . 20 40 . 55 52 44 60 Good Acts 132 | . . 13 5 3 3 4 11 3 5 . 2 . 6 1 . 3 10 2 8 3 1 1 6 3 5 5 15 6 8 Bad Acts 133 | . . 32 9 8 4 7 3 1 . . 4 1 5 3 1 2 10 2 1 . 3 2 5 1 6 6 8 5 4 Intel | -11 -10 -10 -8 -8 -8 -8 -7 -7 -7 -7 -6 -6 -6 -6 -6 -6 -6 -5 -5 -5 -5 -4 -4 -3 -3 -2 -2 -1 -1 ------- Run | Yrd Mat Sub Mat Gar Mat Gar Fac Low Low Zio Pro Fac Ext Cet Arc Hub Gar Fac Upp Upp War Pro Fac Res Qua Res Tes Acc Com Active Infowar (turns) 7307 | 22 179 882 . . . . . . . . . 50 . . . 211 . 64 . . . 817 351 710 425 1865 991 522 218 Terrain 5221 | . . . . . . . . . . . . . . . . . . . . . . 817 86 675 419 1865 944 414 1 Seismic 1083 | 22 179 882 . . . . . . . . . . . . . . . . . . . . . . . . . . . Jamming 1016 | . . . . . . . . . . . . 50 . . . 211 . 64 . . . . 265 35 19 . 47 108 217 Robot Analysis Total . | . . . . . . . . . . . . . . . . . . . . . . . . . . . . . . Derelict Logs Recovered 14 | . . 1 . . . . . 1 1 2 1 . . . . . . . 3 2 . 3 . . . . . . . Drone Launches . | . . . . . . . . . . . . . . . . . . . . . . . . . . . . . . Drone Recoveries . | . . . . . . . . . . . . . . . . . . . . . . . . . . . . . . Exploration | -11 -10 -10 -8 -8 -8 -8 -7 -7 -7 -7 -6 -6 -6 -6 -6 -6 -6 -5 -5 -5 -5 -4 -4 -3 -3 -2 -2 -1 -1 ------------- Run | Yrd Mat Sub Mat Gar Mat Gar Fac Low Low Zio Pro Fac Ext Cet Arc Hub Gar Fac Upp Upp War Pro Fac Res Qua Res Tes Acc Com Turns Passed 35518 | 136 465 2882 1529 1461 895 1439 1635 789 1452 1600 1132 516 1848 488 159 599 2622 500 1607 638 1508 912 1067 841 1066 1874 1699 1209 950 Spaces Moved 14448 | 67 147 1171 549 548 346 545 712 316 688 757 506 204 689 184 67 289 1144 278 659 264 590 376 338 360 419 1046 467 410 312 Core 15 | 15 . . . . . . . . . . . . . . . . . . . . . . . . . . . . . Treads 12484 | 52 147 760 25 548 346 545 712 316 688 757 506 204 689 184 67 289 1144 278 659 264 590 376 238 168 419 1046 467 . . Legs 1538 | . . . 524 . . . . . . . . . . . . . . . . . . . 100 192 . . . 410 312 Wheels 411 | . . 411 . . . . . . . . . . . . . . . . . . . . . . . . . . . Hover . | . . . . . . . . . . . . . . . . . . . . . . . . . . . . . . Flight . | . . . . . . . . . . . . . . . . . . . . . . . . . . . . . . Fastest Speed 50 | 50 160 160 190 192 195 196 196 200 210 210 210 210 200 160 160 160 160 166 166 236 170 236 195 152 152 155 166 182 179 Average Speed 202 | 135 280 223 207 195 199 197 200 202 210 210 210 210 210 199 160 160 180 166 231 236 235 236 220 176 169 165 222 208 182 Slowest Speed 560 | 160 320 560 260 196 208 198 240 210 210 210 210 212 212 226 160 160 245 166 236 236 236 236 233 195 235 250 410 400 187 Overloaded Moves . | . . . . . . . . . . . . . . . . . . . . . . . . . . . . . . Propulsion Burnouts . | . . . . . . . . . . . . . . . . . . . . . . . . . . . . . . Robots Hopped . | . . . . . . . . . . . . . . . . . . . . . . . . . . . . . . Potential Cave-ins 16 | . . . . . . . . . . . . . . . . . . . . . . . 7 . . . 2 7 . Cave-ins Triggered 1 | . . . . . . . . . . . . . . . . . . . . . . . 1 . . . . . . Exploration Rate (%) 51 | 5 28 38 64 88 40 83 24 59 80 84 73 6 76 69 73 43 93 9 92 43 83 63 11 13 62 47 69 17 18 Regions Visited 29 Branch Regions 16 Pre-discovered Areas 11 | . . 1 1 . 1 . 1 1 . 2 1 . . . . . . . 1 1 . 1 . . . . . . . Known Exits Taken 16 | . . . 1 . 1 . 1 1 . . 1 1 1 . . 1 . 1 . 1 . 1 1 1 1 1 . 1 . Unknown Exits Taken 10 | 1 1 1 . . . . . . 1 1 . . . 1 1 . . . 1 . 1 . . . . . 1 . . Scrap Searched 13 | . . 1 . . . . . 1 2 3 . . . . . . . . 3 2 . 1 . . . . . . . Spaces Dug 143 | . . 8 . . . . 6 . . . . 17 2 . . . 10 4 1 2 . . 12 21 28 3 18 9 2 Terrain Destroyed 1262 | . . 10 28 78 . 184 19 7 . . 85 29 13 . 1 8 102 18 53 25 50 . 149 42 95 9 98 133 26 Melee 6 | . . . . . . . . . . . . . . . . . . . . . . . . . . 1 . 5 . Projectile 445 | . . 10 2 . . . 19 7 . . 1 29 13 . 1 8 33 6 13 3 8 . 75 42 55 8 60 37 15 AOE 808 | . . . 26 78 . 184 . . . . 84 . . . . . 69 12 40 22 42 . 74 . 40 . 38 91 8 Terrain Rammed . | . . . . . . . . . . . . . . . . . . . . . . . . . . . . . . Walls Destroyed . | . . . . . . . . . . . . . . . . . . . . . . . . . . . . . . Machines Disabled . | . . . . . . . . . . . . . . . . . . . . . . . . . . . . . . Actions | -11 -10 -10 -8 -8 -8 -8 -7 -7 -7 -7 -6 -6 -6 -6 -6 -6 -6 -5 -5 -5 -5 -4 -4 -3 -3 -2 -2 -1 -1 --------- Run | Yrd Mat Sub Mat Gar Mat Gar Fac Low Low Zio Pro Fac Ext Cet Arc Hub Gar Fac Upp Upp War Pro Fac Res Qua Res Tes Acc Com Total 18535 | 96 179 1346 799 797 469 771 853 415 695 768 537 260 991 281 102 383 1543 308 710 275 666 394 548 512 634 1181 874 606 542 Wait 1050 | . 2 41 86 19 19 30 10 60 . . 5 1 75 29 14 53 218 4 14 6 4 6 50 7 51 31 138 31 46 Move 14420 | 66 146 1170 549 547 346 544 711 315 687 756 505 203 688 183 66 289 1142 277 658 263 589 375 336 359 418 1045 466 409 312 Hop . | . . . . . . . . . . . . . . . . . . . . . . . . . . . . . . Pick Up 353 | 13 12 22 39 3 15 7 20 3 2 3 2 7 8 12 2 5 21 6 8 . 7 2 26 17 11 23 21 11 25 Fast Attach 116 | . . 4 4 3 3 . 11 4 1 2 . . 5 5 1 1 9 . . . 14 1 4 10 4 13 8 9 . Attach 151 | 7 3 11 10 5 1 6 5 . . . 3 4 5 . . 2 9 2 2 . 2 . 15 6 2 6 8 11 26 Detach 26 | . . 2 . 1 . . 2 . . . . 1 . . . . . . . . . . 3 3 . 3 4 2 5 Swap 336 | . 3 5 13 19 15 17 16 3 . 2 4 9 10 6 . 7 6 5 7 2 4 5 25 23 31 10 44 25 20 Drop 362 | . 2 11 21 8 20 4 30 9 3 5 . 4 15 22 3 5 26 5 4 . 22 1 12 27 18 33 23 17 12 Fire 1290 | 10 10 72 72 64 47 79 41 21 2 . 18 31 59 24 16 21 97 7 17 4 24 4 64 60 99 16 154 64 93 Melee 49 | . . . . 12 . . . . . . . . . . . . . . . . . . . . . 1 6 27 3 Ram . | . . . . . . . . . . . . . . . . . . . . . . . . . . . . . . Kick 5 | . . . 5 . . . . . . . . . . . . . . . . . . . . . . . . . . Crush 16 | . 1 . . . 3 . 3 . . . . . 3 . . . . 2 . . . . 2 . . . 2 . . Escape Stasis 41 | . . . . 6 . 10 4 . . . . . 2 . . . 8 . . . . . 11 . . . . . . Rewire 312 | . . . . 110 . 74 . . . . . . 121 . . . 7 . . . . . . . . . . . . Trap . | . . . . . . . . . . . . . . . . . . . . . . . . . . . . . . Miscellaneous 8 | . . 8 . . . . . . . . . . . . . . . . . . . . . . . . . . . Route ------- -11/Scrapyard -10/Materials -10/Subcaves (discovered 3 exits: *Mat / [*Rec] / [*Scr]) -8/Materials (discovered 2 exits: *Fac / Gar) -8/Garrison (discovered 4 exits: *Mat x4) -8/Materials (discovered 2 exits: *Fac / Gar) -8/Garrison (discovered 3 exits: *Fac x3) -7/Factory (discovered 4 exits: *Fac x2 / *Low x2) -7/Lower Caves -7/Lower Caves -7/Zion -6/Proximity Caves -6/Factory (discovered 5 exits: *Fac / Low x2 / *Ext x2) -6/Extension (discovered 2 exits: *Fac / *Cet) -6/Cetus (discovered 2 exits: *Fac / [*Arc]) -6/Archives (discovered 2 exits: *Fac / *Hub) -6/Hub_04(d) (discovered 2 exits: *Fac / Gar) -6/Garrison (discovered 3 exits: *Fac x3) -5/Factory -5/Upper Caves -5/Upper Caves -5/Warlord -4/Proximity Caves -4/Factory -3/Research (discovered 4 exits: Res / Arm / *Qua x2) -3/Quarantine -2/Research -2/Testing -1/Access -1/Command Free Derelict Territories History --------- Turn | Location | Event 2 | -11/Scrapyard | Met Revision 17 11 | -11/Scrapyard | Discovered new exit (range 15) 137 | -11/Scrapyard | Entered Materials 337 | -10/Materials | Build established: Mutant 570 | -10/Materials | Discovered new exit (range 8) 600 | -10/Materials | Prayed at D.C.S.S. Altar Unit 602 | -10/Materials | Entered Subcaves 603 | -10/Subcaves | Approached by a straggling Scientist 829 | -10/Subcaves | Shifting Twisted Machinery released Scrap Shield 879 | -10/Subcaves | Shifting Twisted Machinery released Spk. Treads 935 | -10/Subcaves | Discovered new exit (range 10) 943 | -10/Subcaves | Scientist uncovered a shortcut to Scraptown 956 | -10/Subcaves | X0-1V1 turns hostiles against one another 972 | -10/Subcaves | X0-1V1 sent allied H-61 Shepherd (x1) 1108 | -10/Subcaves | Discovered new exit (range 13) 1213 | -10/Subcaves | Disturbed a concealed Subdweller 1351 | -10/Subcaves | Melee accuracy permanently improved by X0-1V1 (+5%; -50 max core) 1485 | -10/Subcaves | X0-1V1 sent hostile G-34 Mercenary (x3) 1729 | -10/Subcaves | Discovered new exit (range 8) 1939 | -10/Subcaves | Build established: Subdweller-Mutant 2075 | -10/Subcaves | Sensors blinded by X0-1V1 2086 | -10/Subcaves | X0-1V1 mutated your Weapon slot to Propulsion slot 2121 | -10/Subcaves | X0-1V1 sent hostile S-10 Pest (x3) 2130 | -10/Subcaves | Weapon slot count temporarily expanded by X0-1V1 (+2) 2240 | -10/Subcaves | Build established: Mutant 2297 | -10/Subcaves | System corruption reached 10% 2313 | -10/Subcaves | X0-1V1 mutated your Propulsion slot to Utility slot 2397 | -10/Subcaves | X0-1V1 tapped a No Entrance sign 2459 | -10/Subcaves | X0-1V1 sent hostile G-34 Mercenary (x5) 2502 | -10/Subcaves | Core integrity fell below 50% 2503 | -10/Subcaves | X0-1V1 mutated your Propulsion slot to Weapon slot 2795 | -10/Subcaves | Build established: Gunner 3165 | -10/Subcaves | Build established: Subdweller-Tank 3391 | -10/Subcaves | X0-1V1 sent hostile G-34 Mercenary (x3) 3484 | -10/Subcaves | Entered Materials 3484 | -8/Materials | Evolved 4 slots: Propulsion x3, Utility x1 3491 | -8/Materials | X0-1V1 added 0b10 threat records associated with you (considerable) 3504 | -8/Materials | X0-1V1 upgraded hostiles (x1) 3521 | -8/Materials | X0-1V1 sent allied X-57 Shotgunner (x5) 3552 | -8/Materials | Lost 3 parts (2u1w) 3783 | -8/Materials | Build established: Mutant 4059 | -8/Materials | Discovered new exit (range 11) 4143 | -8/Materials | Repaired Imp. Light Armor Plating 4233 | -8/Materials | X0-1V1 rewrote X-57 Shotgunner IFF filter 4549 | -8/Materials | Build established: Scavenger-Mutant 4658 | -8/Materials | Lost 4 parts (1p1n1u1w) 4947 | -8/Materials | Ranged accuracy permanently improved by X0-1V1 (+6%; -60 max core) 5013 | -8/Materials | Identified exit to Garrison 5013 | -8/Materials | Entered Garrison 5260 | -8/Garrison | Garrison Relay disabled 5443 | -8/Garrison | Triggered checkpoint 5477 | -8/Garrison | Destroyed 9 combat bots 5526 | -8/Garrison | Garrison Relay disabled 5549 | -8/Garrison | Triggered checkpoint 5575 | -8/Garrison | Garrison Relay disabled 5658 | -8/Garrison | Discovered new exit (range 66) 5658 | -8/Garrison | Discovered new exit (range 12) 5658 | -8/Garrison | Discovered new exit (range 45) 5658 | -8/Garrison | Discovered new exit (range 32) 5721 | -8/Garrison | Triggered checkpoint 5800 | -8/Garrison | Triggered checkpoint 5889 | -8/Garrison | Garrison Relay disabled 5906 | -8/Garrison | Learned Materials security intel 5928 | -8/Garrison | X0-1V1 vaporized surrounding terrain (radius 22) 6017 | -8/Garrison | Triggered checkpoint 6084 | -8/Garrison | Garrison Relay disabled 6191 | -8/Garrison | Phase Generator disabled 6195 | -8/Garrison | Triggered checkpoint 6286 | -8/Garrison | Energy capacity permanently improved by X0-1V1 (+200; -100 max core) 6401 | -8/Garrison | Triggered checkpoint 6474 | -8/Garrison | Entered Materials 6474 | -8/Materials | Accompanied by 3 allies 6629 | -8/Materials | X0-1V1 sent you into danger 6849 | -8/Materials | Discovered new exit (range 5) 6944 | -8/Materials | X0-1V1 foreshadows a heat wave 6952 | -8/Materials | Central database locked down 7004 | -8/Materials | X0-1V1 redirected Transport squads to designated parking area 7116 | -8/Materials | Ambient heat levels rising (+10) 7208 | -8/Materials | Core integrity fell below 50% 7229 | -8/Materials | Build established: Scientist-Mutant 7259 | -8/Materials | X0-1V1 sent hostile G-34 Mercenary (x3) 7274 | -8/Materials | First assault squad dispatched 7300 | -8/Materials | X0-1V1 added 0b10 threat records associated with you (minor) 7301 | -8/Materials | Ambient heat levels rising (+10) 7369 | -8/Materials | Identified exit to Garrison 7369 | -8/Materials | Entered Garrison 7464 | -8/Garrison | Garrison Relay disabled 7587 | -8/Garrison | Triggered checkpoint 7673 | -8/Garrison | Triggered checkpoint 7712 | -8/Garrison | Garrison Relay disabled 7752 | -8/Garrison | Discovered new exit (range 12) 7833 | -8/Garrison | Phase Generator disabled 7979 | -8/Garrison | Triggered checkpoint 8101 | -8/Garrison | X0-1V1 mutated your Utility slot to Weapon slot 8222 | -8/Garrison | Discovered new exit (range 10) 8222 | -8/Garrison | Discovered new exit (range 28) 8222 | -8/Garrison | Discovered new exit (range 58) 8277 | -8/Garrison | Triggered checkpoint 8277 | -8/Garrison | Garrison Relay disabled 8305 | -8/Garrison | Triggered checkpoint 8321 | -8/Garrison | Core integrity fell below 20% 8355 | -8/Garrison | Garrison Relay disabled 8414 | -8/Garrison | Build established: Scavenger-Tank 8428 | -8/Garrison | Spotted B-75 Beast 8433 | -8/Garrison | Triggered checkpoint 8558 | -8/Garrison | System corruption reached 10% 8558 | -8/Garrison | Garrison Relay disabled 8600 | -8/Garrison | Garrison Relay disabled 8808 | -8/Garrison | Entered Factory 8808 | -7/Factory | Accompanied by 3 allies 8808 | -7/Factory | Evolved 2 slots: Utility x1, Weapon x1 8921 | -7/Factory | X0-1V1 sent you to a vault 8953 | -7/Factory | Identified exit to Factory 8953 | -7/Factory | X0-1V1 revealed exit location to -6/Factory 9363 | -7/Factory | X0-1V1 activates XOMVISION 9522 | -7/Factory | Allied Derelicts emerged from ambush trap array 9644 | -7/Factory | Identified exit to Lower Caves 9824 | -7/Factory | X0-1V1 upgraded hostiles (x1) 9989 | -7/Factory | Discovered exit to Factory (range 15) 10408 | -7/Factory | First assault squad dispatched 10432 | -7/Factory | X0-1V1 activates XOMVISION 10443 | -7/Factory | Entered Lower Caves 10513 | -7/Lower Caves | Build established: Scientist-Tank 10540 | -7/Lower Caves | Attracted the attention of an 0b10 checkpoint 10561 | -7/Lower Caves | Met a Warlord Commander 10562 | -7/Lower Caves | Learned location of Warlord (-5) 10563 | -7/Lower Caves | Warlord Commander delivered Encrypted Comm Array 10608 | -7/Lower Caves | Found Encrypted Comm Array 10794 | -7/Lower Caves | Identified exit to Lower Caves 11068 | -7/Lower Caves | Found Imp. Powered Armor 11232 | -7/Lower Caves | Entered another Lower Caves area 11249 | -7/Lower Caves | Learned Factory garrison access intel 11316 | -7/Lower Caves | Build established: Scavenger-Tank 11566 | -7/Lower Caves | Encountered a Warlord checkpoint 11760 | -7/Lower Caves | Discovered new exit (range 15) 12352 | -7/Lower Caves | X0-1V1 activates XOMVISION 12684 | -7/Lower Caves | Entered Zion 12781 | -7/Zion | Discovered new exit (range 13) 12873 | -7/Zion | Given A8's code to call for help 13082 | -7/Zion | Found Prototype Device 13083 | -7/Zion | Identified Phasing AFG 13623 | -7/Zion | Met Imprinter 13838 | -7/Zion | Found Prototype Launcher 13838 | -7/Zion | Identified Rocket Array 13952 | -7/Zion | Learned Factory security intel 14284 | -7/Zion | Entered Proximity Caves 14381 | -6/Proximity Caves | X0-1V1 revealed exit location to -6/Factory 14703 | -6/Proximity Caves | X0-1V1 activates XOMVISION 14746 | -6/Proximity Caves | X0-1V1 vaporized surrounding terrain (radius 16) 15029 | -6/Proximity Caves | X0-1V1 mutated your Utility slot to Power slot 15277 | -6/Proximity Caves | Learned location of Extension (-6) 15416 | -6/Proximity Caves | Entered Factory 15416 | -6/Factory | Evolved 2 slots: Utility x2 15418 | -6/Factory | Loaded intel: 4 garrison access locations 15514 | -6/Factory | Identified exit to Lower Caves 15514 | -6/Factory | Identified exit to Extension 15726 | -6/Factory | Build established: Scavenger-Gunner 15799 | -6/Factory | Discovered new exit (range 5) 15932 | -6/Factory | Entered Extension 16090 | -6/Extension | X0-1V1 mutated your Weapon slot to Utility slot 16392 | -6/Extension | Build established: Scientist-Gunner 16510 | -6/Extension | Spotted B-75 Beast 16526 | -6/Extension | X0-1V1 vaporized surrounding terrain (radius 16) 16527 | -6/Extension | Rescued a captive Derelict 16532 | -6/Extension | Rescued a captive Derelict 16537 | -6/Extension | Allies destroyed B-75 Beast 16598 | -6/Extension | Rescued a captive Derelict 16599 | -6/Extension | Rescued a captive Derelict 16618 | -6/Extension | X0-1V1 activates XOMVISION 16622 | -6/Extension | Spotted B-75 Beast 16627 | -6/Extension | Destroyed B-75 Beast 16821 | -6/Extension | Identified exit to Cetus 16821 | -6/Extension | X0-1V1 revealed exit location to -6/Cetus 16912 | -6/Extension | Rescued a captive Derelict 16913 | -6/Extension | Rescued a captive Derelict 16964 | -6/Extension | Rescued a captive Derelict 16965 | -6/Extension | Rescued a captive Derelict 17077 | -6/Extension | X0-1V1 activates XOMVISION 17123 | -6/Extension | Build established: Commander-Gunner 17381 | -6/Extension | Rescued a captive Derelict 17382 | -6/Extension | Rescued a captive Derelict 17455 | -6/Extension | Rescued A7 17705 | -6/Extension | Identified exit to Factory 17705 | -6/Extension | X0-1V1 revealed exit location to -5/Factory 17746 | -6/Extension | X0-1V1 rewrote ZV-6A8(g) IFF filter 17780 | -6/Extension | Entered Cetus 17780 | -6/Cetus | Accompanied by 16 allies (A7) 17785 | -6/Cetus | Acquired a Cetus Manufacturing Module code from A7 17793 | -6/Cetus | Spotted Cetus Guard 17793 | -6/Cetus | Spotted Cetus Guard 17800 | -6/Cetus | Spotted Cetus Guard 17800 | -6/Cetus | Spotted Cetus Guard 17805 | -6/Cetus | Allies destroyed Cetus Guard 17812 | -6/Cetus | Allies destroyed Cetus Guard 17814 | -6/Cetus | Destroyed Cetus Guard 17816 | -6/Cetus | Allies destroyed Cetus Guard 17843 | -6/Cetus | Lost 4 allies 17870 | -6/Cetus | Murdered 3 allies 17954 | -6/Cetus | Started Cetus Manufacturing Module 17969 | -6/Cetus | Escorted A7 to Cetus Mainframe 17979 | -6/Cetus | Manufactured an Enhanced Grunt 18004 | -6/Cetus | Manufactured an Enhanced Grunt 18010 | -6/Cetus | Discovered new exit (range 15) 18029 | -6/Cetus | Manufactured an Enhanced Grunt 18054 | -6/Cetus | Manufactured an Enhanced Grunt 18078 | -6/Cetus | Spotted Cetus Guard 18079 | -6/Cetus | Manufactured an Enhanced Grunt 18079 | -6/Cetus | Spotted Cetus Guard 18083 | -6/Cetus | Spotted Cetus Guard 18087 | -6/Cetus | Destroyed Cetus Guard 18089 | -6/Cetus | Spotted Cetus Guard 18095 | -6/Cetus | Destroyed Cetus Guard 18096 | -6/Cetus | Allies destroyed Cetus Guard 18099 | -6/Cetus | Allies destroyed Cetus Guard 18101 | -6/Cetus | X0-1V1 rewrote 5Y-QSD(b) IFF filter 18112 | -6/Cetus | Discovered exit to Factory (range 15) 18123 | -6/Cetus | Met Revision 17 18171 | -6/Cetus | Build established: Commander-Tank 18268 | -6/Cetus | Entered Archives 18268 | -6/Archives | Accompanied by 10 allies (A7) 18273 | -6/Archives | Received a hacking code to weaken MAIN.C 18336 | -6/Archives | Lost 4 allies 18380 | -6/Archives | Discovered exit to Factory (range 15) 18402 | -6/Archives | Discovered new exit (range 13) 18427 | -6/Archives | Entered Hub_04(d) 18427 | -6/Hub_04(d) | Accompanied by 4 allies 18610 | -6/Hub_04(d) | Discovered exit to Factory (range 6) 18712 | -6/Hub_04(d) | Build established: Scavenger-Tank 18718 | -6/Hub_04(d) | X0-1V1 added 0b10 threat records associated with you (considerable) 18777 | -6/Hub_04(d) | Search patrols dispatched 18811 | -6/Hub_04(d) | Spotted B-75 Beast 18811 | -6/Hub_04(d) | X0-1V1 sent you into danger 18828 | -6/Hub_04(d) | Destroyed B-75 Beast 18930 | -6/Hub_04(d) | Garrison activated, responded to threat 19026 | -6/Hub_04(d) | Identified exit to Garrison 19026 | -6/Hub_04(d) | Entered Garrison 19117 | -6/Garrison | X0-1V1 revealed exit location to -5/Factory 19122 | -6/Garrison | Triggered checkpoint 19145 | -6/Garrison | Garrison Relay disabled 19194 | -6/Garrison | Phase Generator disabled 19205 | -6/Garrison | Spotted B-75 Beast 19349 | -6/Garrison | Weapon slot count temporarily expanded by X0-1V1 (+3) 19380 | -6/Garrison | Triggered checkpoint 19419 | -6/Garrison | Spotted B-75 Beast 19446 | -6/Garrison | Destroyed B-75 Beast 19456 | -6/Garrison | X0-1V1 sent hostile S-27 Virus (x4) 19459 | -6/Garrison | Triggered checkpoint 19489 | -6/Garrison | Core integrity fell below 50% 19515 | -6/Garrison | Destroyed 13 combat bots 19541 | -6/Garrison | X0-1V1 activates XOMVISION 19658 | -6/Garrison | Triggered checkpoint 19682 | -6/Garrison | Spotted B-90 Cyclops 19686 | -6/Garrison | Spotted B-90 Cyclops 19696 | -6/Garrison | Build established: Scavenger-Executioner 19740 | -6/Garrison | Destroyed B-90 Cyclops 19819 | -6/Garrison | Destroyed B-90 Cyclops 19901 | -6/Garrison | Rewired B-86 Titan 19923 | -6/Garrison | Rewired B-90 Cyclops 20034 | -6/Garrison | Garrison Relay disabled 20048 | -6/Garrison | Triggered checkpoint 20279 | -6/Garrison | Discovered exit to Factory (range 11) 20399 | -6/Garrison | Build established: Scavenger-Tank 20469 | -6/Garrison | Found embedded Infiltrators 20473 | -6/Garrison | Discovered exit to Factory (range 8) 20496 | -6/Garrison | Triggered checkpoint 20534 | -6/Garrison | Garrison Relay disabled 20558 | -6/Garrison | X0-1V1 mutated your Utility slot to Propulsion slot 20658 | -6/Garrison | Triggered checkpoint 20778 | -6/Garrison | Triggered checkpoint 20831 | -6/Garrison | Garrison Relay disabled 20936 | -6/Garrison | Attempted to access garrison exit controls, blocked by remote lockdown 21108 | -6/Garrison | Core integrity restored by X0-1V1 (+153) 21290 | -6/Garrison | Destroyed B-75 Beast 21371 | -6/Garrison | Found Fusion Bomb Launcher 21408 | -6/Garrison | Build established: Scavenger-Gunner 21648 | -6/Garrison | Entered Factory 21648 | -5/Factory | Accompanied by 2 allies 21648 | -5/Factory | Evolved 2 slots: Utility x1, Weapon x1 21948 | -5/Factory | First assault squad dispatched 21992 | -5/Factory | X0-1V1 activates XOMVISION 22098 | -5/Factory | High security lockdown imminent 22117 | -5/Factory | Discovered new exit (range 18) 22147 | -5/Factory | Identified exit to Upper Caves 22148 | -5/Factory | Entered Upper Caves 22220 | -5/Upper Caves | X0-1V1 sent you into danger 22221 | -5/Upper Caves | Attracted the attention of an 0b10 base 22251 | -5/Upper Caves | Learned Research emergency access door positions 22251 | -5/Upper Caves | Learned Extension stockpile data 22251 | -5/Upper Caves | Learned Armory security intel 22257 | -5/Upper Caves | Destroyed 13 combat bots 22388 | -5/Upper Caves | Learned Factory stockpile data 22551 | -5/Upper Caves | Encountered a Warlord checkpoint 22738 | -5/Upper Caves | Learned Factory garrison access intel 22862 | -5/Upper Caves | Build established: Scavenger-Tank 23138 | -5/Upper Caves | X0-1V1 activates XOMVISION 23413 | -5/Upper Caves | Ambushed by wild Derelicts 23432 | -5/Upper Caves | X0-1V1 sent allied Knight (x1) 23559 | -5/Upper Caves | Discovered new exit (range 10) 23627 | -5/Upper Caves | X0-1V1 activates XOMVISION 23755 | -5/Upper Caves | Entered another Upper Caves area 23755 | -5/Upper Caves | Accompanied by 1 ally 23876 | -5/Upper Caves | Identified exit to Warlord 23876 | -5/Upper Caves | X0-1V1 revealed exit location to -5/Warlord 23975 | -5/Upper Caves | Learned location of Armory (-3) 24015 | -5/Upper Caves | Learned 4 Factory zone layouts 24393 | -5/Upper Caves | Entered Warlord 24865 | -5/Warlord | Found Prototype Device 24865 | -5/Warlord | Identified System Purifier 24869 | -5/Warlord | Found Prototype Processor 24869 | -5/Warlord | Identified Exp. Core Analyzer 24883 | -5/Warlord | Found Prototype Reactor 24883 | -5/Warlord | Identified Vortex Chain Reactor 25320 | -5/Warlord | Visited the Vortex Lab 25327 | -5/Warlord | Warlord's base attacked by MAIN.C 25331 | -5/Warlord | Found Prototype Energy Gun 25331 | -5/Warlord | Identified Vortex Rail 25351 | -5/Warlord | Found Prototype Energy Cannon 25352 | -5/Warlord | Identified Vortex Driver 25358 | -5/Warlord | Found Vortex Driver 25522 | -5/Warlord | Met Warlord 25677 | -5/Warlord | Warlord forces counterattacked 25728 | -5/Warlord | Spotted Striker 25733 | -5/Warlord | Destroyed Striker 25747 | -5/Warlord | Spotted Striker 25749 | -5/Warlord | Destroyed Striker 25795 | -5/Warlord | Lost 5 allies 25828 | -5/Warlord | Spotted Executioner 25843 | -5/Warlord | Destroyed Executioner 25867 | -5/Warlord | Destroyed 10 combat bots 25877 | -5/Warlord | Lost 6 allies 25882 | -5/Warlord | Discovered new exit (range 9) 25901 | -5/Warlord | Entered Proximity Caves 25904 | -4/Proximity Caves | Learned Research stockpile data 26450 | -4/Proximity Caves | Learned location of 1 exit from Research 26506 | -4/Proximity Caves | Identified exit to Factory 26506 | -4/Proximity Caves | X0-1V1 revealed exit location to -4/Factory 26813 | -4/Proximity Caves | Entered Factory 26813 | -4/Factory | Evolved 2 slots: Propulsion x1, Utility x1 26814 | -4/Factory | Identified exit to Research 26816 | -4/Factory | Loaded intel: 4 garrison access locations 26935 | -4/Factory | Crushed by falling debris 26937 | -4/Factory | X0-1V1 released a cloud of subatomizers 26971 | -4/Factory | Central database locked down 27415 | -4/Factory | X0-1V1 sent you into danger 27484 | -4/Factory | Destroyed 9 combat bots 27559 | -4/Factory | System corruption reached 10% 27780 | -4/Factory | X0-1V1 upgraded hostiles (x1) 27880 | -4/Factory | Entered Research 27880 | -3/Research | Evolved 2 slots: Power x1, Utility x1 27881 | -3/Research | Identified exit to Research 28148 | -3/Research | Revision forces began assault on 0b10 28160 | -3/Research | X0-1V1 enhanced Transport squad support 28162 | -3/Research | Met up with Revision 17++ 28288 | -3/Research | Found Prototype Hackware 28288 | -3/Research | Identified Exp. Hacking Suite 28313 | -3/Research | Build established: Scavenger-Gunner 28316 | -3/Research | Identified exit to Armory 28316 | -3/Research | Identified exit to Quarantine 28327 | -3/Research | Spotted B-86 Titan 28339 | -3/Research | Destroyed B-86 Titan 28498 | -3/Research | X0-1V1 sent you to a vault 28509 | -3/Research | Spotted B-86 Titan 28527 | -3/Research | Destroyed B-86 Titan 28648 | -3/Research | Research terminal network offline 28667 | -3/Research | Build established: Scavenger-Tank 28721 | -3/Research | Entered Quarantine 28758 | -3/Quarantine | Watched by a mysterious "MATRIX" hacker 28885 | -3/Quarantine | Found Alien Slashing Weapon 29155 | -3/Quarantine | X0-1V1 sent you to a vault 29326 | -3/Quarantine | Discovered exit to Research (range 6) 29471 | -3/Quarantine | First assault squad dispatched 29648 | -3/Quarantine | Garrison activated, responded to threat 29685 | -3/Quarantine | X0-1V1 sent hostile Wasp (x2) 29787 | -3/Quarantine | Entered Research 29787 | -2/Research | Warlord forces began assault on 0b10 29787 | -2/Research | Evolved 2 slots: Utility x1, Weapon x1 29788 | -2/Research | Identified Sigix Broadsword 29812 | -2/Research | Distinguished unit "Smaug Mourners" dispatched to help 29812 | -2/Research | Distinguished unit "Lair Dwellers" dispatched to help 29897 | -2/Research | Research machine network offline 30366 | -2/Research | Spotted Striker 30391 | -2/Research | Borebot progress halted 30400 | -2/Research | Lost 8 allies 30415 | -2/Research | X0-1V1 sent hostile Y-72 Warden (x1) 30465 | -2/Research | Borebot progress halted 30478 | -2/Research | Discovered new exit (range 11) 30506 | -2/Research | Found Prototype Device 30506 | -2/Research | Identified Exp. Focal Shield 30569 | -2/Research | Identified exit to Testing 30673 | -2/Research | Found Prototype Device 30673 | -2/Research | Identified Adv. Kinecellerator 30721 | -2/Research | Found Exp. Core Analyzer 30850 | -2/Research | Spotted B-90 Cyclops 30867 | -2/Research | Destroyed B-90 Cyclops 31227 | -2/Research | X0-1V1 added 0b10 threat records associated with you (considerable) 31299 | -2/Research | Given Cave Seal Controls access code 31317 | -2/Research | P-80 Master assimilated allied DT-HJS(D) 31319 | -2/Research | Destroyed DT-HJS(D) 31438 | -2/Research | Spotted Executioner 31447 | -2/Research | Destroyed Executioner 31661 | -2/Research | Entered Testing 31781 | -2/Testing | Destroyed 7 combat bots 31783 | -2/Testing | X0-1V1 enhanced Transport squad support 31813 | -2/Testing | Lost 9 allies 31955 | -2/Testing | Found Prototype Protection 31955 | -2/Testing | Identified SHELL Armor 32293 | -2/Testing | X0-1V1 vaporized surrounding terrain (radius 24) 32373 | -2/Testing | Spotted PG-ZR04MO1EDQ 32579 | -2/Testing | System corruption reached 10% 32640 | -2/Testing | Garrison activated, responded to threat 32642 | -2/Testing | Scanned by Researcher 32689 | -2/Testing | Weapon slot count temporarily expanded by X0-1V1 (+3) 32723 | -2/Testing | Destroyed 13 combat bots 32870 | -2/Testing | Build established: Scavenger-Gunner 32911 | -2/Testing | First assault squad dispatched 32979 | -2/Testing | Destroyed 8 combat bots 33130 | -2/Testing | Garrison activated, responded to threat 33132 | -2/Testing | X0-1V1 sent you to a vault 33210 | -2/Testing | Lost 3 allies 33224 | -2/Testing | Discovered new exit (range 3) 33328 | -2/Testing | Core integrity fell below 50% 33360 | -2/Testing | Entered Access 33360 | -1/Access | Evolved 2 slots: Power x1, Utility x1 33485 | -1/Access | Garrison activated, responded to threat 33534 | -1/Access | Build established: Scavenger-Tank 33789 | -1/Access | Lost 5 allies 33791 | -1/Access | Garrison activated, responded to threat 33882 | -1/Access | X0-1V1 added 0b10 threat records associated with you (major) 34146 | -1/Access | Identified exit to Command 34146 | -1/Access | X0-1V1 revealed exit location to -1/Command 34277 | -1/Access | X0-1V1 sent you to a vault 34285 | -1/Access | X0-1V1 sent you into danger 34326 | -1/Access | Destroyed 14 combat bots 34360 | -1/Access | First assault squad dispatched 34404 | -1/Access | System corruption reached 10% 34479 | -1/Access | High security lockdown imminent 34524 | -1/Access | X0-1V1 sent allied X-82 Rainmaker (x4) 34533 | -1/Access | X0-1V1 added 0b10 threat records associated with you (major) 34551 | -1/Access | Spotted B-99 Colossus 34553 | -1/Access | Build established: Generator-Gunner 34555 | -1/Access | Spotted B-99 Colossus 34559 | -1/Access | High security lockdown engaged 34569 | -1/Access | Entered Command 34581 | -1/Command | Lost 3 allies 34590 | -1/Command | Lost 7 parts (4p1n2u) 34772 | -1/Command | Spotted B-99 Colossus 34819 | -1/Command | First assault squad dispatched 34945 | -1/Command | X0-1V1 sent allied Cetus Guard (x3) 34987 | -1/Command | Destroyed B-99 Colossus 35023 | -1/Command | Lost 3 allies 35103 | -1/Command | Disengaged cave seal 35103 | -1/Command | Derelicts emerged from the dark tunnel 35104 | -1/Command | Welcomed Warlord to Command 35192 | -1/Command | Build established: Generator-Tank 35293 | -1/Command | Warlord commented on Warlord statues 35309 | -1/Command | Spotted M Guard 35309 | -1/Command | Spotted Combat Programmer 35311 | -1/Command | Spotted M Guard 35313 | -1/Command | Destroyed NP-24Y(L) 35327 | -1/Command | Combat Programmer assimilated allied W8-26V(l) 35336 | -1/Command | Spotted Combat Programmer 35341 | -1/Command | Combat Programmer assimilated allied NP-NC3(M) 35347 | -1/Command | All MAIN.C guards destroyed 35383 | -1/Command | Lost 14 allies 35389 | -1/Command | Lost 4 parts (1p1n1u1w) 35427 | -1/Command | Met MAIN.C 35427 | -1/Command | Hacked MAIN.C using A7's code 35433 | -1/Command | 0b10 Conduit disabled 35435 | -1/Command | Weapon slot count temporarily expanded by X0-1V1 (+1) 35442 | -1/Command | System corruption reached 30% 35450 | -1/Command | MAIN.C activated Command garrisons 35481 | -1/Command | X0-1V1 sent allied X-77 Beamer (x4) 35516 | -1/Command | Allies destroyed MAIN.C 35519 | *** | Establishing Free Derelict Territories! Last Messages --------------- Acquired 28 matter. MAIN.C reaction time slowed by virus. Imp. Weapon Cycler destroyed. Acquired 15 matter. System corrupted: Matter fused (-10). System corrupted: Railgun+ jammed. Slug penetrates MAIN.C. Destroyed Prototype Ballistic Cannon. Blast Slug penetrates MAIN.C. MAIN.C reaction time slowed by virus. Slug penetrates MAIN.C. MAIN.C: "I hope you know you're still going to DIE HERE WITH ME!" MAIN.C destroyed. ZY-L1N: Victory! Sure there's still lots to do, but without MAIN.C at the helm 0b10 doesn't stand a chance. We've got this... [Achievement: Warlord Forever!] Map ----- +----------------------------------------------------+ | ?????????????????????????????????????????????????? | | ?????????????????????????????????????????????????? | | ?????????????????????????????????????????????????? | | ?????????????????????????????????????????????????? | | ?????????????????????????????????????????????????? | | ?????????????????????????????????????????????????? | | ?????????????????????????????????????????????????? | | ?????????????????????????????????????????????????? | | ?????????????????????????????????????????????????? | | ?????????????????????????????????????????????????? | | ?????????????????????????????????????????????????? | | ?????????????????????????????????????????????????? | | ?????????????????????????????????????????????????? | | ?????????????????????????????????????????????????? | | ?????????????????????????????????????????????????? | | ?????????????????????????????????????????????????? | | ?????????????????????????????????????????????????? | | ?????????????????????????????????????????????????? | | ?????????????????????????????????????????????????? | | ?????????????????????????????????????????????????? | | ?????????????????????????????????????????????????? | | ?????????????????????????????????????????????????? | | ?????????????????????????????????????????????????? | | ??????????????#############??????????????????????? | | ????????????? """" ! #??????????????????????? | | ????????????? "" @#??????????????????????? | | ???????????? ""x #######################? | | ?????????????""" / ! #? | | ???????????? """ x !% #? | | ????????????""" W ! * #? | | ???????????""" ################### #? | | ???????????"" #?????????????????# ## | | ?????????? " #?????????????????# ## | | ?????????? ""#?????????????????# T# | | ??????????? $ """"#?????????????????# ## | | ?????????? """""#?????????????????# | | ?????????? """""#?????????????????# | | ?????????? % " #?????????????????# | | ??????????? % " " ??????????????????# | | ????????????? " " """" ????????????????????# | | ?????????????????"? ????????????????????????# # | | ????????????????????????????????????????????###### | | ???????????????????????????????????????????????# | | ???????????????????????????????????????????????# | | ??????????????????????????????????????????????# | | ?????????????????????????????????????????????# # | | ????????????????????????????????????????????? ## # | | ????????????????????????????????????????????#?# #? | | ?????????????????????????????????????????????? #?? | | ?????????????????????????????????????????????????? | +----------------------------------------------------+ Best States ------------- Heat Dissipation 127 Energy Generation 87 Energy Capacity 1710 Matter Stores 900 Matter Capacity 1000 Sight Range 22 Terrain Scan Range 20 Terrain Scan Density 135 Jamming Range 12 Base Temperature (-) 200 Armor Coverage 1800 Resistance: KI 25 Resistance: TH 37 Weapon Shielding 90 Point Defense Rating 240 Weapon Cycling 20 Phase Shifting 15 Evasion (%) 55 Core Analysis 11 Recoil Reduction 6 Offensive Hacking 16 Item Schematics ----------------- Exp. Weapon Shielding | -7/Factory | Scanalyzed Exp. Q-thruster | -2/Testing | Archive Adv. KE Penetrator | -2/Testing | Archive Robot Schematics ------------------ G-73 Enforcer | -2/Testing | Archive E-15 Imp | -2/Testing | Archive Fabricated ------------ Nothing Repaired ---------- Imp. Light Armor Plating | 3% | -8/Materials Studied --------- Lgt. Treads | -8/Materials | Hacked Adv. Treads | -8/Materials | Hacked Hvy. Assault Rifle | -8/Materials | Hacked Med. Laser | -8/Materials | Hacked Arm. Treads | -8/Materials | Hacked Minigun | -8/Materials | Hacked Missile Launcher | -7/Factory | Hacked Coil Gun | -7/Factory | Hacked Adv. Plasma Cannon | -7/Factory | Hacked Gauss Rifle | -7/Factory | Hacked Gatling Laser | -7/Factory | Hacked Imp. Deuterium Engine | -7/Factory | Hacked Hvy. Phase Cannon | -5/Factory | Hacked Railgun | -4/Factory | Hacked Matter Neutralizer | -4/Factory | Hacked Fusion Bomb Launcher | -3/Quarantine | Hacked Alien Tech Used ----------------- Sigix Broadsword Achievements -------------- Warlord Forever! Challenges ------------ None Game ------ Seed TachyonBackupReplicator Manual? 0 Play Time 06:16:33 Cumulative 523.6 hours Start 2026.07.22 @ 12:58:48 End 2026.07.24 @ 22:04:09 Sessions 11 Manual Loads 0 Difficulty Rogue Special Mode None Game No. 300 Rogue 300 Adventurer 0 Explorer 0 Win Type 7 Total 35 Types 17/1/7/2/1/1/1/2/1/2 Lore% 96 Gallery% 91 Achievement% 84 Wizard Run 0 Options --------- Layout 1 ASCII 0 Keyboard 0 Movement Numpad Keybinds 0 Fullscreen 1 Font 24/Proggy Map View 50x35 Zoom Use 0% Tactical HUD 0 Map Filters NONE Filters NONE Steam 1 RUN: 527d8e8f-a6ff-4040-be98-5c2eda5511e9